Workbook
Name _SUB100: введение!$A$3
Name sub1002163307: введение!$A$4

Sheet введение
B3: Уважаемые, пользователи ИС §«Бухгалтер»!
B6: Данная форма призвана оказать Вам помощь при заполнении упрощенной декларации для субъектов малого бизнеса ТОО по форме 910.00 за 2 полугодие 2017 года. В форме №910 Декларация ничего заполнять вручную нельзя, все данные заполняются автомотически из приложений №1, №2, №4. В приложениях нужно заполнять только те строки, которые выделены желтым цветом, все остальное считается автоматически.
B10: Справочник
B11: МЗП = | C11: 24459 | E11: тенге
B12: Доход для ОПВ max = | C12: =75*C11 -> 1834425 | E12: тенге
B13: ОПВ max = | C13: =C12*0.1 -> 183442.5 | E13: тенге
B14: Доход для СО max = | C14: =10*C11 -> 244590 | E14: тенге
B15: СО max = | C15: =C14*0.05 -> 12229.5 | E15: тенге
B16: Доход для ОСМС max = | C16: =C11*15 -> 366885
B17: ставка для ООСМС= | C17: 0.01
B18: ООСМС max = | C18: =C16*C17 -> 3668.85
B19: Месячный расчетный показатель = | C19: 2269 | E19: тенге

Sheet № 910 Декларация 
M2: Форма 910.00
B4: УПРОЩЕННАЯ ДЕКЛАРАЦИЯ ДЛЯ СУБЪЕКТОВ МАЛОГО БИЗНЕСА (910.00) за 2017 год для ТОО
B6: Раздел. Общая информация о налогоплательщике
A8: 1 | B8: ИИН (БИН)
A10: 2 | B10: Ф.И.О. или наименование налогоплательщика
A12: 3 | B12: Налоговый период, за который представляется налоговая отчетность: | I12: полугодие | K12: 2 | M12: год | N12: 2017
A14: 4 | B14: Категория налогоплательщика | E14: (укажите | F14: Х | H14: в соответствующей ячейке)
C16: А | D16: является доверительным управляющим | L16: С | M16: ведет бухгалтерский учет
C18: В | D18: является учредителем доверительного управления | L18: D | M18: не ведет бухгалтерский учет
A20: 5 | B20: Вид декларации (укажите | E20: Х | G20: в соответствующей ячейке)
B22: первоначальная | E22: очередная | I22: дополнительная по уведомлению | M22: ликвидационная
A24: 6 | B24: Номер и дата уведомления (заполняется в случае представления дополнительной декларации по уведомлению)
C26: А | D26: номер | L26: В | M26: Дата
A29: 7 | B29: Код валюты
A31: 8 | B31: Признак резидентства: | E31: А | G31: резидент РК | M31: В | N31: нерезидент РК
A33: Раздел. Исчисление налогов
A35: Код строки | C35: Наименование | L35: Сумма
A36: 910.00.001 | C36: Доход (С21 №1) | L36: ='№ 1доход '!C21 -> 0
A38: 910.00.002 | C38: в том числе доход от корректировки в соответствии с Законом о трансферном ценообразовании
A40: 910.00.003 | C40: Среднемесячная численность работников | L40: =ROUND(('№ 2.1 Начис. доходы работ'!T26+'№ 2.2 Начис. доходы работ'!T26+'№ 2.3 Начис. доходы работ'!T26+'№ 2.4 Начис. доходы работ'!T26+'№ 2.5 Начис. доходы работ. '!T26+'№ 2.6 Начис. доходы работ. '!T26)/6,0) -> 0
C42: А | D42: пенсионеры | L42: =ROUND(('№ 2.1 Начис. доходы работ'!L26+'№ 2.2 Начис. доходы работ'!K25+'№ 2.3 Начис. доходы работ'!J25+'№ 2.4 Начис. доходы работ'!J25+'№ 2.5 Начис. доходы работ. '!J25+'№ 2.6 Начис. доходы работ. '!J25)/6,0) -> 0 | P42: указывается среднесписочная численность работников-пенсионеров
C44: В | D44: инвалиды | P44: указывается среднесписочная численность работников-инвалидов
A46: 910.00.004 | C46: Среднемесячная заработная плата на одного работника (С26 2.1+2.2+2.3+2.4+2.5+2.6)/(R262.1+2.2+2.3+2.4+2.5+2.6) | L46: =('№ 2.1 Начис. доходы работ'!X26+'№ 2.2 Начис. доходы работ'!X26+'№ 2.3 Начис. доходы работ'!X26+'№ 2.4 Начис. доходы работ'!X26+'№ 2.5 Начис. доходы работ. '!X26+'№ 2.6 Начис. доходы работ. '!X26)/6 -> 0
A48: 910.00.005 | C48: Сумма исчисленных налогов (910.00.001*3%) | L48: =L36*3% -> 0
A50: 910.00.006 | C50: Корректировка суммы налогов в соответствии с пунктом 2 статьи 436 Налогового кодекса | L50: =IF(L46>=2.5*введение!C11,L48*(L40)*0.015,0) -> 0
A52: 910.00.007 | C52: Сумма налогов после корректировки (910.00.005-910.00.006) | L52: =L48-L50 -> 0
A54: 910.00.008 | C54: Сумма индивидуального (корпоративного) подоходного налога, подлежащего уплате в бюджет (910.00.007*0,5) | L54: =L52*0.5 -> 0
A56: 910.00.009 | C56: Сумма социального налога, подлежащего уплате в бюджет ((910.00.007*0,5)-910.00.011-910.00.018) | L56: =IF((L52*0.5-L69-L106)>0,L52*0.5-L69-L106,0) -> 0
A58: Раздел. Исчисление социальных отчислений и обязательных пенсионных взносов за индивидуального предпринимателя | P58: раздел заполняется ИП
A60: 910.00.010 | C60: Доход, для исчисления социальных отчислений
A61: 1 мес | C61: I | I61: 4 мес | K61: IV
A62: 2 мес | C62: II | I62: 5 мес | K62: V
A63: 3 мес | C63: III | I63: 6 мес | K63: VI
C64: ИТОГО за полугодие | L64: =D61+D62+D63+L61+L62+L63 -> 0
A65: 910.00.011 | C65: Сумма социальных отчислений, к уплате (I15 №3) | L65: =#REF! -> #REF!
A66: 1 мес | C66: I | I66: 4 мес | K66: IV
A67: 2 мес | C67: II | I67: 5 мес | K67: V
A68: 3 мес | C68: III | I68: 6 мес | K68: VI
C69: ИТОГО за полугодие | L69: =D66+D67+D68+L66+L67+L68 -> 0
A70: 910.00.012 | C70: Доход, для исчисления обязательных пенсионных взносов (J15 №3) | L70: =#REF! -> #REF!
A71: 1 мес | C71: I | I71: 4 мес | K71: IV
A72: 2 мес | C72: II | I72: 5 мес | K72: V
A73: 3 мес | C73: III | I73: 6 мес | K73: VI
C74: ИТОГО за полугодие | L74: =D71+D72+D73+L71+L72+L73 -> 0
A75: 910.00.013 | C75: Сумма обязательных пенсионных взносов, к уплате (910.00.012*10%) | L75: =L70*10% -> #REF!
A76: 1 мес | C76: I | I76: 4 мес | K76: IV
A77: 2 мес | C77: II | I77: 5 мес | K77: V
A78: 3 мес | C78: III | I78: 6 мес | K78: VI
C79: ИТОГО за полугодие | L79: =D76+D77+D78+L76+L77+L78 -> 0
A80: 910.00.014 | C80: Сумма взносов на обязательное социальное медицинское страхование, к уплате (2МЗП*5%) | L80: =L75*10% -> #REF!
A81: 1 мес | C81: I | I81: 4 мес | K81: IV
A82: 2 мес | C82: II | I82: 5 мес | K82: V
A83: 3 мес | C83: III | I83: 6 мес | K83: VI
C84: ИТОГО за полугодие | L84: =D81+D82+D83+L81+L82+L83 -> 0
A85: Раздел. Исчисление индивидуального подоходного налога, социальных отчислений и обязательных пенсионных взносов, обязательных профессиональных пенсионных взносов физических лиц
A87: 910.00.015 | C87: Сумма индивидуального подоходного налога, подлежащая перечислению в бюджет с доходов граждан Республики Казахстан | L87: ='№ 2 Начис. доходы работ. '!E16 -> 0
A88: 1 мес | C88: I | D88: ='№ 2.1 Начис. доходы работ'!H26+'№4 Дивиденды'!L27 -> 0 | I88: 4 мес | K88: IV | L88: ='№ 2.4 Начис. доходы работ'!H26+'№4 Дивиденды'!P27 -> 0
A89: 2 мес | C89: II | D89: ='№ 2.2 Начис. доходы работ'!H26+'№4 Дивиденды'!N27 -> 0 | I89: 5 мес | K89: V | L89: ='№ 2.5 Начис. доходы работ. '!H26+'№4 Дивиденды'!T27 -> 0
A90: 3 мес | C90: III | D90: ='№ 2.3 Начис. доходы работ'!H26+'№4 Дивиденды'!P27 -> 0 | I90: 6 мес | K90: VI | L90: ='№ 2.6 Начис. доходы работ. '!H26+'№4 Дивиденды'!V27 -> 0
C91: ИТОГО за полугодие | L91: =D88+D89+D90+L88+L89+L90 -> 0
A92: 910.00.016 | C92: Сумма индивидуального подоходного налога, подлежащая перечислению в бюджет с доходов иностранцев и лиц без гражданства
A93: 1 мес | C93: I | D93: ='№ 2.1 Начис. доходы работ'!I26+'№4 Дивиденды'!M27 -> 0 | I93: 4 мес | K93: IV | L93: ='№ 2.4 Начис. доходы работ'!I26+'№4 Дивиденды'!S27 -> 0
A94: 2 мес | C94: II | D94: ='№ 2.2 Начис. доходы работ'!I26+'№4 Дивиденды'!O27 -> 0 | I94: 5 мес | K94: V | L94: ='№ 2.5 Начис. доходы работ. '!I26+'№4 Дивиденды'!U27 -> 0
A95: 3 мес | C95: III | D95: ='№ 2.3 Начис. доходы работ'!I26+'№4 Дивиденды'!Q27 -> 0 | I95: 6 мес | K95: VI | L95: ='№ 2.6 Начис. доходы работ. '!I26+'№4 Дивиденды'!W27 -> 0
C96: ИТОГО за полугодие | L96: =D93+D94+D95+L93+L94+L95 -> 0
A97: 910.00.017 | C97: Доходы физических лиц, с которых исчисляются социальные отчисления
A98: 1 мес | C98: I | D98: ='№ 2.1 Начис. доходы работ'!P26 -> 0 | I98: 4 мес | K98: IV | L98: ='№ 2.4 Начис. доходы работ'!P26 -> 0
A99: 2 мес | C99: II | D99: ='№ 2.2 Начис. доходы работ'!P26 -> 0 | I99: 5 мес | K99: V | L99: ='№ 2.5 Начис. доходы работ. '!P26 -> 0
A100: 3 мес | C100: III | D100: ='№ 2.3 Начис. доходы работ'!P26 -> 0 | I100: 6 мес | K100: VI | L100: ='№ 2.6 Начис. доходы работ. '!P26 -> 0
C101: ИТОГО за полугодие | L101: =D98+D99+D100+L98+L99+L100 -> 0
A102: 910.00.018 | C102: Сумма социальных отчислений, к уплате (910.00.017*5%)
A103: 1 мес | C103: I | D103: ='№ 2.1 Начис. доходы работ'!Q26 -> 0 | I103: 4 мес | K103: IV | L103: ='№ 2.4 Начис. доходы работ'!Q26 -> 0
A104: 2 мес | C104: II | D104: ='№ 2.2 Начис. доходы работ'!Q26 -> 0 | I104: 5 мес | K104: V | L104: ='№ 2.5 Начис. доходы работ. '!Q26 -> 0
A105: 3 мес | C105: III | D105: ='№ 2.3 Начис. доходы работ'!Q26 -> 0 | I105: 6 мес | K105: VI | L105: ='№ 2.6 Начис. доходы работ. '!Q26 -> 0
C106: ИТОГО за полугодие | L106: =D103+D104+D105+L103+L104+L105 -> 0
A107: 910.00.019 | C107: Начисленные доходы работников, с которых удерживаются (начисляются) обязательные пенсионные взносы (G16 №2) | L107: ='№ 2 Начис. доходы работ. '!H16 -> 0
A108: 1 мес | C108: I | D108: ='№ 2.1 Начис. доходы работ'!K26 -> 0 | I108: 4 мес | K108: IV | L108: ='№ 2.4 Начис. доходы работ'!K26 -> 0
A109: 2 мес | C109: II | D109: ='№ 2.2 Начис. доходы работ'!K26 -> 0 | I109: 5 мес | K109: V | L109: ='№ 2.5 Начис. доходы работ. '!K26 -> 0
A110: 3 мес | C110: III | D110: ='№ 2.3 Начис. доходы работ'!K26 -> 0 | I110: 6 мес | K110: VI | L110: ='№ 2.6 Начис. доходы работ. '!K26 -> 0
C111: ИТОГО за полугодие | L111: =D108+D109+D110+L108+L109+L110 -> 0
A112: 910.00.020 | C112: Сумма обязательных пенсионных взносов, к уплате (910.00.019*10%) | L112: ='№ 2 Начис. доходы работ. '!I16 -> 0
A113: 1 мес | C113: I | D113: =D108*10% -> 0 | I113: 4 мес | K113: IV | L113: =L108*10% -> 0
A114: 2 мес | C114: II | D114: =D109*10% -> 0 | I114: 5 мес | K114: V | L114: =L109*10% -> 0
A115: 3 мес | C115: III | D115: =D110*10% -> 0 | I115: 6 мес | K115: VI | L115: =L110*10% -> 0
C116: ИТОГО за полугодие | L116: =D113+D114+D115+L113+L114+L115 -> 0
A117: 910.00.021 | C117: Доходы работников, принимаемых для исчисления обязательных профессиональных пенсионных взносов
A118: 1 мес | C118: I | I118: 4 мес | K118: IV
A119: 2 мес | C119: II | I119: 5 мес | K119: V
A120: 3 мес | C120: III | I120: 6 мес | K120: VI
C121: ИТОГО за полугодие | L121: =D118+D119+D120+L118+L119+L120 -> 0
A122: 910.00.022 | C122: Сумма обязательных профессиональных взносов, к уплате | L122: ='№ 2 Начис. доходы работ. '!O16 -> 0
A123: 1 мес | C123: I | I123: 4 мес | K123: IV
A124: 2 мес | C124: II | I124: 5 мес | K124: V
A125: 3 мес | C125: III | I125: 6 мес | K125: VI
C126: ИТОГО за полугодие | L126: =D123+D124+D125+L123+L124+L125 -> 0
A127: 910.00.023 | C127: Доходы принимаемые для исчисления отчислений на обязательное социальное медицинское страхование | L127: ='№ 2 Начис. доходы работ. '!L16 -> 0
A128: 1 мес | C128: I | D128: ='№ 2.1 Начис. доходы работ'!V26 -> 0 | I128: 4 мес | K128: IV | L128: ='№ 2.4 Начис. доходы работ'!V26 -> 0
A129: 2 мес | C129: II | D129: ='№ 2.2 Начис. доходы работ'!V26 -> 0 | I129: 5 мес | K129: V | L129: ='№ 2.5 Начис. доходы работ. '!V26 -> 0
A130: 3 мес | C130: III | D130: ='№ 2.3 Начис. доходы работ'!V26 -> 0 | I130: 6 мес | K130: VI | L130: ='№ 2.6 Начис. доходы работ. '!V26 -> 0
C131: ИТОГО за полугодие | L131: =D128+D129+D130+L128+L129+L130 -> 0
...

Sheet № 1доход 
F2: Форма 910.00
B3: Реализация товаров, выполнение работ, оказание услуг
B5: Раздел. Общая информация о налогоплательщике
A7: 1 | B7: ИИН (БИН) | E7: ='№ 910 Декларация '!D8 -> 0
A8: 2 | B8: Налоговый период, за который предоставляется налоговая отчетность: полугодие | F8: ='№ 910 Декларация '!K12 -> 2 | G8: год | H8: ='№ 910 Декларация '!N12 -> 2017
B12: период | C12: реализация товаров | D12: выполнение работ, оказание услуг | E12: прочий доход
B13: 1 | C13: 2 | D13: 3 | E13: 4
A14: 1 | B14: 1 месяц полугодия
A15: 2 | B15: 2 месяц полугодия
A16: 2 | B16: 3 месяц полугодия
A17: 4 | B17: 4 месяц полугодия
A18: 5 | B18: 5 месяц полугодия
A19: 6 | B19: 6 месяц полугодия
A20: 13 | B20: Итого | C20: =SUM(C14:C19) -> 0 | D20: =SUM(D14:D19) -> 0 | E20: =SUM(E14:E19) -> 0
A21: 14 | B21: Итого | C21: =C20+D20+E20 -> 0
B24: Ограничения по доходам ТОО согласно п. 2 ст.433 НК | E24: =IF(C21<2800*введение!C11,"Может применять текущий налоговый режим","НЕОБХОДИМО СМЕНИТЬ НАЛОГОВЫЙ РЕЖИМ!!!!") -> Может применять текущий налоговый режим
A30: (Ф.И.О., подпись руководителя (налогоплательщика), печать)
A33: (Ф.И.О., подпись главного бухгалтера )
A36: (Дата составления налогового регистра)
A39: Примечание. | C39: строка 14 переносится в № 910.00 по строке 910.00.003

Sheet № 2 Начис. доходы работ.  
O2: Форма 910.00
A5: Наименование налогоплательщика
A7: 1 | B7: РНН
A8: 2 | B8: ИИН (БИН) | D8: ='№ 910 Декларация '!D8 -> 0
A9: 3 | B9: Налоговый период: | D9: ='№ 910 Декларация '!K12 -> 2 | E9: полугодие | G9: ='№ 910 Декларация '!N12 -> 2017
D11: Налоговый регистр: "Начисленные доходы работникам для целей налогообложения"
A13: начисленный доход | B13: примененный вычет | C13: Доходы, не облагаемые ИПН | D13: Доходы, облагаемые ИПН | E13: Индивидуальный подоходный налог с доходов граждан РК | F13: Индивидуальный подоходный налог с доходов иностранцев и лиц без гражданства | G13: Доходы, не облагаемые ОПВ | H13: Доход для исчисления обязательных пенсионных взносов | I13: Обязательные пенсионные взносы | J13: Доходы не облагаемые СО | K13: Предварительный расчет объекта для исчисления СО | L13: Доход для исчисления социальных очтислений | M13: Обязательные социальные отчисления | N13: Доход для исчисления обязательных профессиональных пенсионных взносов | O13: Обязательные профессиональные пенсионные взносы | P13: Численность работников | Q13: Доходы не принимаемые для исчисления ОСМС | R13: Доходы принимаемые для исчисления ОСМС | S13: Сумма отчислений на обязательное социальное медицинское страхование, к уплате
A14: 1 | B14: 2 | C14: 3 | D14: 4 | E14: 5 | G14: 6 | H14: 7 | I14: 8 | J14: 9 | K14: 10 | L14: 11 | M14: 12 | N14: 13 | O14: 14 | P14: 15 | Q14: 16 | R14: 17 | S14: 18
A15: №2.1 D26+ №2.2 D26+ №2.3 D26+ №2.4 D26+ №2.5 D26+ №2.6 D26 | B15: №2.1 E26+ №2.2 E26+ №2.3 E26+ №2.4 E26+ №2.5 E26+ №2.6 E26 | C15: №2.1 F26+ №2.2 F26+ №2.3 F26+ №2.4 F26+ №2.5 F26+ №2.6 F26 | D15: стр.1-стр.2-стр.3-стр.8 | E15: №2.1 Н26+ №2.2 Н26+ №2.3 Н26+ №2.4 Н26+ №2.5 Н26+ №2.6 Н26 | F15: №2.1 I26+ №2.2 I26+ №2.3 I26+ №2.4 I26+ №2.5 I26+ №2.6 I26 | G15: №2.1 J26+ №2.2 J26+ №2.3 J26+ №2.4 J26+ №2.5 J26+ №2.6 J26 | H15: №2.1 K26+ №2.2 K26+ №2.3 K26+ №2.4 K26+ №2.5 K26+ №2.6 K27 | I15: стр7*10% | J15: №2.1 N26+ №2.2 N26+ №2.3 N26+ №2.4 N26+ №2.5 N26+ №2.6 N26 | K15: №2.1 O26+ №2.2 O26+ №2.3 O26+ №2.4 O26+ №2.5 O26+ №2.6 O26 | L15: №2.1 P26+ №2.2 P26+ №2.3 P26+ №2.4 P26+ №2.5 P26+ №2.6 P26 | M15: стр11*5% | N15: №2.1 R26+ №2.2 R26+ №2.3 R26+ №2.4 R26+ №2.5 R26+ №2.6 R26 | O15: №2.1 S26+ №2.2 S26+ №2.3 S26+ №2.4 S26+ №2.5 S26+ №2.6 S26 | P15: №2.1 T26+ №2.2 T26+ №2.3 T26+ №2.4 T26+ №2.5 T26+ №2.6 T26 | Q15: №2.1 U26+ №2.2 U26+ №2.3 U26+ №2.4 U26+ №2.5 U26+ №2.6 U26 | R15: №2.1 V26+ №2.2 V26+ №2.3 V26+ №2.4 V26+ №2.5 V26+ №2.6 V26 | S15: №2.1 W26+ №2.2 W26+ №2.3 W26+ №2.4 W26+ №2.5 W26+ №2.6 W26
A16: ='№ 2.1 Начис. доходы работ'!D26+'№ 2.2 Начис. доходы работ'!D26+'№ 2.3 Начис. доходы работ'!D26+'№ 2.4 Начис. доходы работ'!D26+'№ 2.5 Начис. доходы работ. '!D25+'№ 2.6 Начис. доходы работ. '!D25 -> 0 | B16: ='№ 2.1 Начис. доходы работ'!E26+'№ 2.2 Начис. доходы работ'!E26+'№ 2.3 Начис. доходы работ'!E26+'№ 2.4 Начис. доходы работ'!E26+'№ 2.5 Начис. доходы работ. '!E25+'№ 2.6 Начис. доходы работ. '!E25 -> 0 | C16: ='№ 2.1 Начис. доходы работ'!F26+'№ 2.2 Начис. доходы работ'!F26+'№ 2.3 Начис. доходы работ'!F26+'№ 2.4 Начис. доходы работ'!F26+'№ 2.5 Начис. доходы работ. '!F25+'№ 2.6 Начис. доходы работ. '!F25 -> 0 | D16: =A16-B16-I16-C16 -> 0 | E16: ='№ 2.1 Начис. доходы работ'!H26+'№ 2.2 Начис. доходы работ'!H26+'№ 2.3 Начис. доходы работ'!H26+'№ 2.4 Начис. доходы работ'!H26+'№ 2.5 Начис. доходы работ. '!H26+'№ 2.6 Начис. доходы работ. '!H26 -> 0 | F16: ='№ 2.1 Начис. доходы работ'!I26+'№ 2.2 Начис. доходы работ'!I26+'№ 2.3 Начис. доходы работ'!I26+'№ 2.4 Начис. доходы работ'!I26+'№ 2.5 Начис. доходы работ. '!I26+'№ 2.6 Начис. доходы работ. '!I26 -> 0 | G16: ='№ 2.1 Начис. доходы работ'!J26+'№ 2.2 Начис. доходы работ'!J26+'№ 2.3 Начис. доходы работ'!J26+'№ 2.4 Начис. доходы работ'!J26+'№ 2.5 Начис. доходы работ. '!J26+'№ 2.6 Начис. доходы работ. '!J26 -> 0 | H16: ='№ 2.1 Начис. доходы работ'!K26+'№ 2.2 Начис. доходы работ'!K26+'№ 2.3 Начис. доходы работ'!K26+'№ 2.4 Начис. доходы работ'!K26+'№ 2.5 Начис. доходы работ. '!K26+'№ 2.6 Начис. доходы работ. '!K26 -> 0 | I16: =H16*10% -> 0 | J16: ='№ 2.1 Начис. доходы работ'!N26+'№ 2.2 Начис. доходы работ'!N26+'№ 2.3 Начис. доходы работ'!N26+'№ 2.4 Начис. доходы работ'!N26+'№ 2.5 Начис. доходы работ. '!N26+'№ 2.6 Начис. доходы работ. '!N26 -> 0 | K16: ='№ 2.1 Начис. доходы работ'!O26+'№ 2.2 Начис. доходы работ'!O26+'№ 2.3 Начис. доходы работ'!O26+'№ 2.4 Начис. доходы работ'!O26+'№ 2.5 Начис. доходы работ. '!O26+'№ 2.6 Начис. доходы работ. '!O26 -> 0 | L16: ='№ 2.1 Начис. доходы работ'!P26+'№ 2.2 Начис. доходы работ'!P26+'№ 2.3 Начис. доходы работ'!P26+'№ 2.4 Начис. доходы работ'!P26+'№ 2.5 Начис. доходы работ. '!P26+'№ 2.6 Начис. доходы работ. '!P26 -> 0 | M16: =L16*5% -> 0 | N16: ='№ 2.1 Начис. доходы работ'!R26+'№ 2.2 Начис. доходы работ'!R26+'№ 2.3 Начис. доходы работ'!R26+'№ 2.4 Начис. доходы работ'!R26+'№ 2.5 Начис. доходы работ. '!R26+'№ 2.6 Начис. доходы работ. '!R26 -> 0 | O16: ='№ 2.1 Начис. доходы работ'!S26+'№ 2.2 Начис. доходы работ'!S26+'№ 2.3 Начис. доходы работ'!S26+'№ 2.4 Начис. доходы работ'!S26+'№ 2.5 Начис. доходы работ. '!S26+'№ 2.6 Начис. доходы работ. '!S26 -> 0 | P16: ='№ 2.1 Начис. доходы работ'!T26+'№ 2.2 Начис. доходы работ'!T26+'№ 2.3 Начис. доходы работ'!T26+'№ 2.4 Начис. доходы работ'!T26+'№ 2.5 Начис. доходы работ. '!T26+'№ 2.6 Начис. доходы работ. '!T26 -> 0 | Q16: ='№ 2.1 Начис. доходы работ'!U26+'№ 2.2 Начис. доходы работ'!U26+'№ 2.3 Начис. доходы работ'!U26+'№ 2.4 Начис. доходы работ'!U26+'№ 2.5 Начис. доходы работ. '!U26+'№ 2.6 Начис. доходы работ. '!U26 -> 0 | R16: ='№ 2.1 Начис. доходы работ'!V26+'№ 2.2 Начис. доходы работ'!V26+'№ 2.3 Начис. доходы работ'!V26+'№ 2.4 Начис. доходы работ'!V26+'№ 2.5 Начис. доходы работ. '!V26+'№ 2.6 Начис. доходы работ. '!V26 -> 0 | S16: ='№ 2.1 Начис. доходы работ'!W26+'№ 2.2 Начис. доходы работ'!W26+'№ 2.3 Начис. доходы работ'!W26+'№ 2.4 Начис. доходы работ'!W26+'№ 2.5 Начис. доходы работ. '!W26+'№ 2.6 Начис. доходы работ. '!W26 -> 0

Sheet № 2.1 Начис. доходы работ
T1: Форма 910.00
A4: Наименование налогоплательщика
A6: 1 | B6: РНН
A7: 2 | B7: ИИН (БИН) | E7: ='№ 910 Декларация '!D8 -> 0
A8: 3 | B8: Налоговый период: месяц Год | E8: =IF('№ 910 Декларация '!K12=1,"январь","июль") -> июль | F8: ='№ 910 Декларация '!N12 -> 2017
A10: Налоговый регистр: "Начисленные доходы работникам для целей налогообложения"
A13: № п/п | B13: Ф.И.О. работника | C13: Признак резиденства: гражданин РК - 1; иностранный гражданин резидент - 2; иностранный гражданин нерезидент - 3 | D13: начисленный доход | E13: примененный вычет | F13: Доходы, не облагаемые ИПН | G13: Доходы, облагаемые ИПН | H13: Индивидуальный подоходный налог с доходов граждан РК | I13: Индивидуальный подоходный налог с доходов иностранцев и лиц без гражданства | J13: Доходы, не облагаемые ОПВ | K13: Доход для исчисления обязательных пенсионных взносов | L13: Пенсионер (если да, то нужно поставить 1) | M13: Обязательные пенсионные взносы | N13: Доходы не облагаемые СО | O13: Предварительный расчет объекта для исчисления СО | P13: Доход для исчисления социальных очтислений | Q13: Обязательные социальные отчисления | R13: Доход для исчисления обязательных профессиональных пенсионных взносов | S13: Обязательные профессиональные пенсионные взносы | T13: Численность работников | U13: Доходы не принимаемые для исчисления ОСМС | V13: Доходы принимаемые для исчисления ОСМС | W13: Сумма отчислений на обязательное социальное медицинское страхование, к уплате | X13: Среднемесячная заработная плата на одного работника
A14: 1 | E14: =IF(C14=3,0,IF(D14>0,введение!C$11,0)) -> 0 | G14: =IF(C14=3,D14-F14,D14-F14-E14-M14) -> 0 | H14: =ROUND((IF(C14=1,G14*10%,0)),0) -> 0 | I14: =ROUND((IF(C14=1,0,G14*10%)),0) -> 0 | K14: =IF(C14=3,0,IF(L14=1,0,D14-J14)) -> 0 | M14: =K14*10% -> 0 | O14: =IF(C14=3,0,IF(L14=1,0,D14-M14-N14)) -> 0 | P14: =IF(OR(O14<=0,),0,MIN(MAX(введение!$C$11,O14),введение!$C$14)) -> 0 | Q14: =ROUND(P14*5%,0) -> 0 | S14: =ROUND(R14*0.05,0) -> 0 | T14: =IF(D14=0,0,1) -> 0 | V14: =IF(C14=3,0,IF(L14=1,0,D14-U14)) -> 0 | W14: =V14*1% -> 0
A15: 2 | E15: =IF(C15=3,0,IF(D15>0,введение!C$11,0)) -> 0 | G15: =IF(C15=3,D15-F15,D15-F15-E15-M15) -> 0 | H15: =ROUND((IF(C15=1,G15*10%,0)),0) -> 0 | I15: =ROUND((IF(C15=1,0,G15*10%)),0) -> 0 | K15: =IF(C15=3,0,IF(L15=1,0,D15-J15)) -> 0 | M15: =K15*10% -> 0 | O15: =IF(C15=3,0,IF(L15=1,0,D15-M15-N15)) -> 0 | P15: =IF(OR(O15<=0,),0,MIN(MAX(введение!$C$11,O15),введение!$C$14)) -> 0 | Q15: =ROUND(P15*5%,0) -> 0 | S15: =ROUND(R15*0.05,0) -> 0 | T15: =IF(D15=0,0,1) -> 0 | V15: =IF(C15=3,0,IF(L15=1,0,D15-U15)) -> 0 | W15: =V15*1% -> 0
A16: 3 | E16: =IF(C16=3,0,IF(D16>0,введение!C$11,0)) -> 0 | G16: =IF(C16=3,D16-F16,D16-F16-E16-M16) -> 0 | H16: =ROUND((IF(C16=1,G16*10%,0)),0) -> 0 | I16: =ROUND((IF(C16=1,0,G16*10%)),0) -> 0 | K16: =IF(C16=3,0,IF(L16=1,0,D16-J16)) -> 0 | M16: =K16*10% -> 0 | O16: =IF(C16=3,0,IF(L16=1,0,D16-M16-N16)) -> 0 | P16: =IF(OR(O16<=0,),0,MIN(MAX(введение!$C$11,O16),введение!$C$14)) -> 0 | Q16: =ROUND(P16*5%,0) -> 0 | S16: =ROUND(R16*0.05,0) -> 0 | T16: =IF(D16=0,0,1) -> 0 | V16: =IF(C16=3,0,IF(L16=1,0,D16-U16)) -> 0 | W16: =V16*1% -> 0
A17: 4 | E17: =IF(C17=3,0,IF(D17>0,введение!C$11,0)) -> 0 | G17: =IF(C17=3,D17-F17,D17-F17-E17-M17) -> 0 | H17: =ROUND((IF(C17=1,G17*10%,0)),0) -> 0 | I17: =ROUND((IF(C17=1,0,G17*10%)),0) -> 0 | K17: =IF(C17=3,0,IF(L17=1,0,D17-J17)) -> 0 | M17: =K17*10% -> 0 | O17: =IF(C17=3,0,IF(L17=1,0,D17-M17-N17)) -> 0 | P17: =IF(OR(O17<=0,),0,MIN(MAX(введение!$C$11,O17),введение!$C$14)) -> 0 | Q17: =ROUND(P17*5%,0) -> 0 | S17: =ROUND(R17*0.05,0) -> 0 | T17: =IF(D17=0,0,1) -> 0 | V17: =IF(C17=3,0,IF(L17=1,0,D17-U17)) -> 0 | W17: =V17*1% -> 0
A18: 5 | E18: =IF(C18=3,0,IF(D18>0,введение!C$11,0)) -> 0 | G18: =IF(C18=3,D18-F18,D18-F18-E18-M18) -> 0 | H18: =ROUND((IF(C18=1,G18*10%,0)),0) -> 0 | I18: =ROUND((IF(C18=1,0,G18*10%)),0) -> 0 | K18: =IF(C18=3,0,IF(L18=1,0,D18-J18)) -> 0 | M18: =K18*10% -> 0 | O18: =IF(C18=3,0,IF(L18=1,0,D18-M18-N18)) -> 0 | P18: =IF(OR(O18<=0,),0,MIN(MAX(введение!$C$11,O18),введение!$C$14)) -> 0 | Q18: =ROUND(P18*5%,0) -> 0 | S18: =ROUND(R18*0.05,0) -> 0 | T18: =IF(D18=0,0,1) -> 0 | V18: =IF(C18=3,0,IF(L18=1,0,D18-U18)) -> 0 | W18: =V18*1% -> 0
A19: 6 | E19: =IF(C19=3,0,IF(D19>0,введение!C$11,0)) -> 0 | G19: =IF(C19=3,D19-F19,D19-F19-E19-M19) -> 0 | H19: =ROUND((IF(C19=1,G19*10%,0)),0) -> 0 | I19: =ROUND((IF(C19=1,0,G19*10%)),0) -> 0 | K19: =IF(C19=3,0,IF(L19=1,0,D19-J19)) -> 0 | M19: =K19*10% -> 0 | O19: =IF(C19=3,0,IF(L19=1,0,D19-M19-N19)) -> 0 | P19: =IF(OR(O19<=0,),0,MIN(MAX(введение!$C$11,O19),введение!$C$14)) -> 0 | Q19: =ROUND(P19*5%,0) -> 0 | S19: =ROUND(R19*0.05,0) -> 0 | T19: =IF(D19=0,0,1) -> 0 | V19: =IF(C19=3,0,IF(L19=1,0,D19-U19)) -> 0 | W19: =V19*1% -> 0
A20: 7 | E20: =IF(C20=3,0,IF(D20>0,введение!C$11,0)) -> 0 | G20: =IF(C20=3,D20-F20,D20-F20-E20-M20) -> 0 | H20: =ROUND((IF(C20=1,G20*10%,0)),0) -> 0 | I20: =ROUND((IF(C20=1,0,G20*10%)),0) -> 0 | K20: =IF(C20=3,0,IF(L20=1,0,D20-J20)) -> 0 | M20: =K20*10% -> 0 | O20: =IF(C20=3,0,IF(L20=1,0,D20-M20-N20)) -> 0 | P20: =IF(OR(O20<=0,),0,MIN(MAX(введение!$C$11,O20),введение!$C$14)) -> 0 | Q20: =ROUND(P20*5%,0) -> 0 | S20: =ROUND(R20*0.05,0) -> 0 | T20: =IF(D20=0,0,1) -> 0 | V20: =IF(C20=3,0,IF(L20=1,0,D20-U20)) -> 0 | W20: =V20*1% -> 0
A21: 8 | E21: =IF(C21=3,0,IF(D21>0,введение!C$11,0)) -> 0 | G21: =IF(C21=3,D21-F21,D21-F21-E21-M21) -> 0 | H21: =ROUND((IF(C21=1,G21*10%,0)),0) -> 0 | I21: =ROUND((IF(C21=1,0,G21*10%)),0) -> 0 | K21: =IF(C21=3,0,IF(L21=1,0,D21-J21)) -> 0 | M21: =K21*10% -> 0 | O21: =IF(C21=3,0,IF(L21=1,0,D21-M21-N21)) -> 0 | P21: =IF(OR(O21<=0,),0,MIN(MAX(введение!$C$11,O21),введение!$C$14)) -> 0 | Q21: =ROUND(P21*5%,0) -> 0 | S21: =ROUND(R21*0.05,0) -> 0 | T21: =IF(D21=0,0,1) -> 0 | V21: =IF(C21=3,0,IF(L21=1,0,D21-U21)) -> 0 | W21: =V21*1% -> 0
A22: 9 | E22: =IF(C22=3,0,IF(D22>0,введение!C$11,0)) -> 0 | G22: =IF(C22=3,D22-F22,D22-F22-E22-M22) -> 0 | H22: =ROUND((IF(C22=1,G22*10%,0)),0) -> 0 | I22: =ROUND((IF(C22=1,0,G22*10%)),0) -> 0 | K22: =IF(C22=3,0,IF(L22=1,0,D22-J22)) -> 0 | M22: =K22*10% -> 0 | O22: =IF(C22=3,0,IF(L22=1,0,D22-M22-N22)) -> 0 | P22: =IF(OR(O22<=0,),0,MIN(MAX(введение!$C$11,O22),введение!$C$14)) -> 0 | Q22: =ROUND(P22*5%,0) -> 0 | S22: =ROUND(R22*0.05,0) -> 0 | T22: =IF(D22=0,0,1) -> 0 | V22: =IF(C22=3,0,IF(L22=1,0,D22-U22)) -> 0 | W22: =V22*1% -> 0
A23: 10 | E23: =IF(C23=3,0,IF(D23>0,введение!C$11,0)) -> 0 | G23: =IF(C23=3,D23-F23,D23-F23-E23-M23) -> 0 | H23: =ROUND((IF(C23=1,G23*10%,0)),0) -> 0 | I23: =ROUND((IF(C23=1,0,G23*10%)),0) -> 0 | K23: =IF(C23=3,0,IF(L23=1,0,D23-J23)) -> 0 | M23: =K23*10% -> 0 | O23: =IF(C23=3,0,IF(L23=1,0,D23-M23-N23)) -> 0 | P23: =IF(OR(O23<=0,),0,MIN(MAX(введение!$C$11,O23),введение!$C$14)) -> 0 | Q23: =ROUND(P23*5%,0) -> 0 | S23: =ROUND(R23*0.05,0) -> 0 | T23: =IF(D23=0,0,1) -> 0 | V23: =IF(C23=3,0,IF(L23=1,0,D23-U23)) -> 0 | W23: =V23*1% -> 0
A24: 11 | E24: =IF(C24=3,0,IF(D24>0,введение!C$11,0)) -> 0 | G24: =IF(C24=3,D24-F24,D24-F24-E24-M24) -> 0 | H24: =ROUND((IF(C24=1,G24*10%,0)),0) -> 0 | I24: =ROUND((IF(C24=1,0,G24*10%)),0) -> 0 | K24: =IF(C24=3,0,IF(L24=1,0,D24-J24)) -> 0 | M24: =K24*10% -> 0 | O24: =IF(C24=3,0,IF(L24=1,0,D24-M24-N24)) -> 0 | P24: =IF(OR(O24<=0,),0,MIN(MAX(введение!$C$11,O24),введение!$C$14)) -> 0 | Q24: =ROUND(P24*5%,0) -> 0 | S24: =ROUND(R24*0.05,0) -> 0 | T24: =IF(D24=0,0,1) -> 0 | V24: =IF(C24=3,0,IF(L24=1,0,D24-U24)) -> 0 | W24: =V24*1% -> 0
A25: 12 | E25: =IF(C25=3,0,IF(D25>0,введение!C$11,0)) -> 0 | G25: =IF(C25=3,D25-F25,D25-F25-E25-M25) -> 0 | H25: =ROUND((IF(C25=1,G25*10%,0)),0) -> 0 | I25: =ROUND((IF(C25=1,0,G25*10%)),0) -> 0 | K25: =IF(C25=3,0,IF(L25=1,0,D25-J25)) -> 0 | M25: =K25*10% -> 0 | O25: =IF(C25=3,0,IF(L25=1,0,D25-M25-N25)) -> 0 | P25: =IF(OR(O25<=0,),0,MIN(MAX(введение!$C$11,O25),введение!$C$14)) -> 0 | Q25: =ROUND(P25*5%,0) -> 0 | S25: =ROUND(R25*0.05,0) -> 0 | T25: =IF(D25=0,0,1) -> 0 | V25: =IF(C25=3,0,IF(L25=1,0,D25-U25)) -> 0 | W25: =V25*1% -> 0
A26: Итого: | D26: =SUM(D14:D25) -> 0 | E26: =SUM(E14:E25) -> 0 | F26: =SUM(F14:F25) -> 0 | G26: =SUM(G14:G25) -> 0 | H26: =SUM(H14:H25) -> 0 | I26: =SUM(I14:I25) -> 0 | J26: =SUM(J14:J25) -> 0 | K26: =SUM(K14:K25) -> 0 | ... W26: =SUM(W14:W25) -> 0 | X26: =IF(D26>0,D26/T26,0) -> 0
A29: (Ф.И.О., подпись руководителя (налогоплательщика), печать)
A32: (Ф.И.О., подпись главного бухгалтера )
A35: (Ф.И.О., подпись лица, ответственного за составление налогового регистра)
A38: (Дата составления налогового регистра)

Sheet № 2.2 Начис. доходы работ
R2: Форма 910.00
A5: Наименование налогоплательщика
A7: 1 | B7: РНН
A8: 2 | B8: ИИН (БИН) | E8: ='№ 910 Декларация '!D8 -> 0
A9: 3 | B9: Налоговый период: месяц Год | E9: =IF('№ 910 Декларация '!K12=1,"февраль","август") -> август | F9: ='№ 910 Декларация '!N12 -> 2017
A11: Налоговый регистр: "Начисленные доходы работникам для целей налогообложения"
A13: № п/п | B13: Ф.И.О. работника | C13: Признак резиденства: гражданин РК - 1; иностранный гражданин резидент - 2; иностранный гражданин нерезидент - 3 | D13: начисленный доход | E13: примененный вычет | F13: Доходы, не облагаемые ИПН | G13: Доходы, облагаемые ИПН | H13: Индивидуальный подоходный налог с доходов граждан РК | I13: Индивидуальный подоходный налог с доходов иностранцев и лиц без гражданства | J13: Доходы, не облагаемые ОПВ | K13: Доход для исчисления обязательных пенсионных взносов | L13: Пенсионер (если да, то нужно поставить 1) | M13: Обязательные пенсионные взносы | N13: Доходы не облагаемые СО | O13: Предварительный расчет объекта для исчисления СО | P13: Доход для исчисления социальных очтислений | Q13: Обязательные социальные отчисления | R13: Доход для исчисления обязательных профессиональных пенсионных взносов | S13: Обязательные профессиональные пенсионные взносы | T13: Численность работников | U13: Доходы не принимаемые для исчисления ОСМС | V13: Доходы принимаемые для исчисления ОСМС | W13: Сумма отчислений на обязательное социальное медицинское страхование, к уплате | X13: Среднемесячная заработная плата на одного работника
A14: 1 | E14: =IF(C14=3,0,IF(D14>0,введение!C$11,0)) -> 0 | G14: =IF(C14=3,D14-F14,D14-F14-E14-M14) -> 0 | H14: =ROUND((IF(C14=1,G14*10%,0)),0) -> 0 | I14: =ROUND((IF(C14=1,0,G14*10%)),0) -> 0 | K14: =IF(C14=3,0,IF(L14=1,0,D14-J14)) -> 0 | M14: =K14*10% -> 0 | O14: =IF(C14=3,0,IF(L14=1,0,D14-M14-N14)) -> 0 | P14: =IF(OR(O14<=0,),0,MIN(MAX(введение!$C$11,O14),введение!$C$14)) -> 0 | Q14: =ROUND(P14*5%,0) -> 0 | S14: =ROUND(R14*0.05,0) -> 0 | T14: =IF(D14=0,0,1) -> 0 | V14: =IF(C14=3,0,IF(L14=1,0,D14-U14)) -> 0 | W14: =V14*1% -> 0
A15: 2 | E15: =IF(C15=3,0,IF(D15>0,введение!C$11,0)) -> 0 | G15: =IF(C15=3,D15-F15,D15-F15-E15-M15) -> 0 | H15: =ROUND((IF(C15=1,G15*10%,0)),0) -> 0 | I15: =ROUND((IF(C15=1,0,G15*10%)),0) -> 0 | K15: =IF(C15=3,0,IF(L15=1,0,D15-J15)) -> 0 | M15: =K15*10% -> 0 | O15: =IF(C15=3,0,IF(L15=1,0,D15-M15-N15)) -> 0 | P15: =IF(OR(O15<=0,),0,MIN(MAX(введение!$C$11,O15),введение!$C$14)) -> 0 | Q15: =ROUND(P15*5%,0) -> 0 | S15: =ROUND(R15*0.05,0) -> 0 | T15: =IF(D15=0,0,1) -> 0 | V15: =IF(C15=3,0,IF(L15=1,0,D15-U15)) -> 0 | W15: =V15*1% -> 0
A16: 3 | E16: =IF(C16=3,0,IF(D16>0,введение!C$11,0)) -> 0 | G16: =IF(C16=3,D16-F16,D16-F16-E16-M16) -> 0 | H16: =ROUND((IF(C16=1,G16*10%,0)),0) -> 0 | I16: =ROUND((IF(C16=1,0,G16*10%)),0) -> 0 | K16: =IF(C16=3,0,IF(L16=1,0,D16-J16)) -> 0 | M16: =K16*10% -> 0 | O16: =IF(C16=3,0,IF(L16=1,0,D16-M16-N16)) -> 0 | P16: =IF(OR(O16<=0,),0,MIN(MAX(введение!$C$11,O16),введение!$C$14)) -> 0 | Q16: =ROUND(P16*5%,0) -> 0 | S16: =ROUND(R16*0.05,0) -> 0 | T16: =IF(D16=0,0,1) -> 0 | V16: =IF(C16=3,0,IF(L16=1,0,D16-U16)) -> 0 | W16: =V16*1% -> 0
A17: 4 | E17: =IF(C17=3,0,IF(D17>0,введение!C$11,0)) -> 0 | G17: =IF(C17=3,D17-F17,D17-F17-E17-M17) -> 0 | H17: =ROUND((IF(C17=1,G17*10%,0)),0) -> 0 | I17: =ROUND((IF(C17=1,0,G17*10%)),0) -> 0 | K17: =IF(C17=3,0,IF(L17=1,0,D17-J17)) -> 0 | M17: =K17*10% -> 0 | O17: =IF(C17=3,0,IF(L17=1,0,D17-M17-N17)) -> 0 | P17: =IF(OR(O17<=0,),0,MIN(MAX(введение!$C$11,O17),введение!$C$14)) -> 0 | Q17: =ROUND(P17*5%,0) -> 0 | S17: =ROUND(R17*0.05,0) -> 0 | T17: =IF(D17=0,0,1) -> 0 | V17: =IF(C17=3,0,IF(L17=1,0,D17-U17)) -> 0 | W17: =V17*1% -> 0
A18: 5 | E18: =IF(C18=3,0,IF(D18>0,введение!C$11,0)) -> 0 | G18: =IF(C18=3,D18-F18,D18-F18-E18-M18) -> 0 | H18: =ROUND((IF(C18=1,G18*10%,0)),0) -> 0 | I18: =ROUND((IF(C18=1,0,G18*10%)),0) -> 0 | K18: =IF(C18=3,0,IF(L18=1,0,D18-J18)) -> 0 | M18: =K18*10% -> 0 | O18: =IF(C18=3,0,IF(L18=1,0,D18-M18-N18)) -> 0 | P18: =IF(OR(O18<=0,),0,MIN(MAX(введение!$C$11,O18),введение!$C$14)) -> 0 | Q18: =ROUND(P18*5%,0) -> 0 | S18: =ROUND(R18*0.05,0) -> 0 | T18: =IF(D18=0,0,1) -> 0 | V18: =IF(C18=3,0,IF(L18=1,0,D18-U18)) -> 0 | W18: =V18*1% -> 0
A19: 6 | E19: =IF(C19=3,0,IF(D19>0,введение!C$11,0)) -> 0 | G19: =IF(C19=3,D19-F19,D19-F19-E19-M19) -> 0 | H19: =ROUND((IF(C19=1,G19*10%,0)),0) -> 0 | I19: =ROUND((IF(C19=1,0,G19*10%)),0) -> 0 | K19: =IF(C19=3,0,IF(L19=1,0,D19-J19)) -> 0 | M19: =K19*10% -> 0 | O19: =IF(C19=3,0,IF(L19=1,0,D19-M19-N19)) -> 0 | P19: =IF(OR(O19<=0,),0,MIN(MAX(введение!$C$11,O19),введение!$C$14)) -> 0 | Q19: =ROUND(P19*5%,0) -> 0 | S19: =ROUND(R19*0.05,0) -> 0 | T19: =IF(D19=0,0,1) -> 0 | V19: =IF(C19=3,0,IF(L19=1,0,D19-U19)) -> 0 | W19: =V19*1% -> 0
A20: 7 | E20: =IF(C20=3,0,IF(D20>0,введение!C$11,0)) -> 0 | G20: =IF(C20=3,D20-F20,D20-F20-E20-M20) -> 0 | H20: =ROUND((IF(C20=1,G20*10%,0)),0) -> 0 | I20: =ROUND((IF(C20=1,0,G20*10%)),0) -> 0 | K20: =IF(C20=3,0,IF(L20=1,0,D20-J20)) -> 0 | M20: =K20*10% -> 0 | O20: =IF(C20=3,0,IF(L20=1,0,D20-M20-N20)) -> 0 | P20: =IF(OR(O20<=0,),0,MIN(MAX(введение!$C$11,O20),введение!$C$14)) -> 0 | Q20: =ROUND(P20*5%,0) -> 0 | S20: =ROUND(R20*0.05,0) -> 0 | T20: =IF(D20=0,0,1) -> 0 | V20: =IF(C20=3,0,IF(L20=1,0,D20-U20)) -> 0 | W20: =V20*1% -> 0
A21: 8 | E21: =IF(C21=3,0,IF(D21>0,введение!C$11,0)) -> 0 | G21: =IF(C21=3,D21-F21,D21-F21-E21-M21) -> 0 | H21: =ROUND((IF(C21=1,G21*10%,0)),0) -> 0 | I21: =ROUND((IF(C21=1,0,G21*10%)),0) -> 0 | K21: =IF(C21=3,0,IF(L21=1,0,D21-J21)) -> 0 | M21: =K21*10% -> 0 | O21: =IF(C21=3,0,IF(L21=1,0,D21-M21-N21)) -> 0 | P21: =IF(OR(O21<=0,),0,MIN(MAX(введение!$C$11,O21),введение!$C$14)) -> 0 | Q21: =ROUND(P21*5%,0) -> 0 | S21: =ROUND(R21*0.05,0) -> 0 | T21: =IF(D21=0,0,1) -> 0 | V21: =IF(C21=3,0,IF(L21=1,0,D21-U21)) -> 0 | W21: =V21*1% -> 0
A22: 9 | E22: =IF(C22=3,0,IF(D22>0,введение!C$11,0)) -> 0 | G22: =IF(C22=3,D22-F22,D22-F22-E22-M22) -> 0 | H22: =ROUND((IF(C22=1,G22*10%,0)),0) -> 0 | I22: =ROUND((IF(C22=1,0,G22*10%)),0) -> 0 | K22: =IF(C22=3,0,IF(L22=1,0,D22-J22)) -> 0 | M22: =K22*10% -> 0 | O22: =IF(C22=3,0,IF(L22=1,0,D22-M22-N22)) -> 0 | P22: =IF(OR(O22<=0,),0,MIN(MAX(введение!$C$11,O22),введение!$C$14)) -> 0 | Q22: =ROUND(P22*5%,0) -> 0 | S22: =ROUND(R22*0.05,0) -> 0 | T22: =IF(D22=0,0,1) -> 0 | V22: =IF(C22=3,0,IF(L22=1,0,D22-U22)) -> 0 | W22: =V22*1% -> 0
A23: 10 | E23: =IF(C23=3,0,IF(D23>0,введение!C$11,0)) -> 0 | G23: =IF(C23=3,D23-F23,D23-F23-E23-M23) -> 0 | H23: =ROUND((IF(C23=1,G23*10%,0)),0) -> 0 | I23: =ROUND((IF(C23=1,0,G23*10%)),0) -> 0 | K23: =IF(C23=3,0,IF(L23=1,0,D23-J23)) -> 0 | M23: =K23*10% -> 0 | O23: =IF(C23=3,0,IF(L23=1,0,D23-M23-N23)) -> 0 | P23: =IF(OR(O23<=0,),0,MIN(MAX(введение!$C$11,O23),введение!$C$14)) -> 0 | Q23: =ROUND(P23*5%,0) -> 0 | S23: =ROUND(R23*0.05,0) -> 0 | T23: =IF(D23=0,0,1) -> 0 | V23: =IF(C23=3,0,IF(L23=1,0,D23-U23)) -> 0 | W23: =V23*1% -> 0
A24: 11 | E24: =IF(C24=3,0,IF(D24>0,введение!C$11,0)) -> 0 | G24: =IF(C24=3,D24-F24,D24-F24-E24-M24) -> 0 | H24: =ROUND((IF(C24=1,G24*10%,0)),0) -> 0 | I24: =ROUND((IF(C24=1,0,G24*10%)),0) -> 0 | K24: =IF(C24=3,0,IF(L24=1,0,D24-J24)) -> 0 | M24: =K24*10% -> 0 | O24: =IF(C24=3,0,IF(L24=1,0,D24-M24-N24)) -> 0 | P24: =IF(OR(O24<=0,),0,MIN(MAX(введение!$C$11,O24),введение!$C$14)) -> 0 | Q24: =ROUND(P24*5%,0) -> 0 | S24: =ROUND(R24*0.05,0) -> 0 | T24: =IF(D24=0,0,1) -> 0 | V24: =IF(C24=3,0,IF(L24=1,0,D24-U24)) -> 0 | W24: =V24*1% -> 0
A25: 12 | E25: =IF(C25=3,0,IF(D25>0,введение!C$11,0)) -> 0 | G25: =IF(C25=3,D25-F25,D25-F25-E25-M25) -> 0 | H25: =ROUND((IF(C25=1,G25*10%,0)),0) -> 0 | I25: =ROUND((IF(C25=1,0,G25*10%)),0) -> 0 | K25: =IF(C25=3,0,IF(L25=1,0,D25-J25)) -> 0 | M25: =K25*10% -> 0 | O25: =IF(C25=3,0,IF(L25=1,0,D25-M25-N25)) -> 0 | P25: =IF(OR(O25<=0,),0,MIN(MAX(введение!$C$11,O25),введение!$C$14)) -> 0 | Q25: =ROUND(P25*5%,0) -> 0 | S25: =ROUND(R25*0.05,0) -> 0 | T25: =IF(D25=0,0,1) -> 0 | V25: =IF(C25=3,0,IF(L25=1,0,D25-U25)) -> 0 | W25: =V25*1% -> 0
A26: Итого: | D26: =SUM(D14:D25) -> 0 | E26: =SUM(E14:E25) -> 0 | F26: =SUM(F14:F25) -> 0 | G26: =SUM(G14:G25) -> 0 | H26: =SUM(H14:H25) -> 0 | I26: =SUM(I14:I25) -> 0 | J26: =SUM(J14:J25) -> 0 | K26: =SUM(K14:K25) -> 0 | ... W26: =SUM(W14:W25) -> 0 | X26: =IF(D26>0,D26/T26,0) -> 0
A28: (Ф.И.О., подпись руководителя (налогоплательщика), печать)
A31: (Ф.И.О., подпись главного бухгалтера )
A34: (Ф.И.О., подпись лица, ответственного за составление налогового регистра)
A37: (Дата составления налогового регистра)

Sheet № 2.3 Начис. доходы работ
Q2: Форма 910.00
A5: Наименование налогоплательщика
A7: 1 | B7: РНН
A8: 2 | B8: ИИН (БИН) | D8: ='№ 910 Декларация '!D8 -> 0
A9: 3 | B9: Налоговый период: месяц Год | D9: =IF('№ 910 Декларация '!K12=1,"март","сентябрь") -> сентябрь | E9: ='№ 910 Декларация '!N12 -> 2017
A11: Налоговый регистр: "Начисленные доходы работникам для целей налогообложения"
A13: № п/п | B13: Ф.И.О. работника | C13: Признак резиденства: гражданин РК - 1; иностранный гражданин резидент - 2; иностранный гражданин нерезидент - 3 | D13: начисленный доход | E13: примененный вычет | F13: Доходы, не облагаемые ИПН | G13: Доходы, облагаемые ИПН | H13: Индивидуальный подоходный налог с доходов граждан РК | I13: Индивидуальный подоходный налог с доходов иностранцев и лиц без гражданства | J13: Доходы, не облагаемые ОПВ | K13: Доход для исчисления обязательных пенсионных взносов | L13: Пенсионер (если да, то нужно поставить 1) | M13: Обязательные пенсионные взносы | N13: Доходы не облагаемые СО | O13: Предварительный расчет объекта для исчисления СО | P13: Доход для исчисления социальных очтислений | Q13: Обязательные социальные отчисления | R13: Доход для исчисления обязательных профессиональных пенсионных взносов | S13: Обязательные профессиональные пенсионные взносы | T13: Численность работников | U13: Доходы не принимаемые для исчисления ОСМС | V13: Доходы принимаемые для исчисления ОСМС | W13: Сумма отчислений на обязательное социальное медицинское страхование, к уплате | X13: Среднемесячная заработная плата на одного работника
A14: 1 | E14: =IF(C14=3,0,IF(D14>0,введение!C$11,0)) -> 0 | G14: =IF(C14=3,D14-F14,D14-F14-E14-M14) -> 0 | H14: =ROUND((IF(C14=1,G14*10%,0)),0) -> 0 | I14: =ROUND((IF(C14=1,0,G14*10%)),0) -> 0 | K14: =IF(C14=3,0,IF(L14=1,0,D14-J14)) -> 0 | M14: =K14*10% -> 0 | O14: =IF(C14=3,0,IF(L14=1,0,D14-M14-N14)) -> 0 | P14: =IF(OR(O14<=0,),0,MIN(MAX(введение!$C$11,O14),введение!$C$14)) -> 0 | Q14: =ROUND(P14*5%,0) -> 0 | S14: =ROUND(R14*0.05,0) -> 0 | T14: =IF(D14=0,0,1) -> 0 | V14: =IF(C14=3,0,IF(L14=1,0,D14-U14)) -> 0 | W14: =V14*1% -> 0
A15: 2 | E15: =IF(C15=3,0,IF(D15>0,введение!C$11,0)) -> 0 | G15: =IF(C15=3,D15-F15,D15-F15-E15-M15) -> 0 | H15: =ROUND((IF(C15=1,G15*10%,0)),0) -> 0 | I15: =ROUND((IF(C15=1,0,G15*10%)),0) -> 0 | K15: =IF(C15=3,0,IF(L15=1,0,D15-J15)) -> 0 | M15: =K15*10% -> 0 | O15: =IF(C15=3,0,IF(L15=1,0,D15-M15-N15)) -> 0 | P15: =IF(OR(O15<=0,),0,MIN(MAX(введение!$C$11,O15),введение!$C$14)) -> 0 | Q15: =ROUND(P15*5%,0) -> 0 | S15: =ROUND(R15*0.05,0) -> 0 | T15: =IF(D15=0,0,1) -> 0 | V15: =IF(C15=3,0,IF(L15=1,0,D15-U15)) -> 0 | W15: =V15*1% -> 0
A16: 3 | E16: =IF(C16=3,0,IF(D16>0,введение!C$11,0)) -> 0 | G16: =IF(C16=3,D16-F16,D16-F16-E16-M16) -> 0 | H16: =ROUND((IF(C16=1,G16*10%,0)),0) -> 0 | I16: =ROUND((IF(C16=1,0,G16*10%)),0) -> 0 | K16: =IF(C16=3,0,IF(L16=1,0,D16-J16)) -> 0 | M16: =K16*10% -> 0 | O16: =IF(C16=3,0,IF(L16=1,0,D16-M16-N16)) -> 0 | P16: =IF(OR(O16<=0,),0,MIN(MAX(введение!$C$11,O16),введение!$C$14)) -> 0 | Q16: =ROUND(P16*5%,0) -> 0 | S16: =ROUND(R16*0.05,0) -> 0 | T16: =IF(D16=0,0,1) -> 0 | V16: =IF(C16=3,0,IF(L16=1,0,D16-U16)) -> 0 | W16: =V16*1% -> 0
A17: 4 | E17: =IF(C17=3,0,IF(D17>0,введение!C$11,0)) -> 0 | G17: =IF(C17=3,D17-F17,D17-F17-E17-M17) -> 0 | H17: =ROUND((IF(C17=1,G17*10%,0)),0) -> 0 | I17: =ROUND((IF(C17=1,0,G17*10%)),0) -> 0 | K17: =IF(C17=3,0,IF(L17=1,0,D17-J17)) -> 0 | M17: =K17*10% -> 0 | O17: =IF(C17=3,0,IF(L17=1,0,D17-M17-N17)) -> 0 | P17: =IF(OR(O17<=0,),0,MIN(MAX(введение!$C$11,O17),введение!$C$14)) -> 0 | Q17: =ROUND(P17*5%,0) -> 0 | S17: =ROUND(R17*0.05,0) -> 0 | T17: =IF(D17=0,0,1) -> 0 | V17: =IF(C17=3,0,IF(L17=1,0,D17-U17)) -> 0 | W17: =V17*1% -> 0
A18: 5 | E18: =IF(C18=3,0,IF(D18>0,введение!C$11,0)) -> 0 | G18: =IF(C18=3,D18-F18,D18-F18-E18-M18) -> 0 | H18: =ROUND((IF(C18=1,G18*10%,0)),0) -> 0 | I18: =ROUND((IF(C18=1,0,G18*10%)),0) -> 0 | K18: =IF(C18=3,0,IF(L18=1,0,D18-J18)) -> 0 | M18: =K18*10% -> 0 | O18: =IF(C18=3,0,IF(L18=1,0,D18-M18-N18)) -> 0 | P18: =IF(OR(O18<=0,),0,MIN(MAX(введение!$C$11,O18),введение!$C$14)) -> 0 | Q18: =ROUND(P18*5%,0) -> 0 | S18: =ROUND(R18*0.05,0) -> 0 | T18: =IF(D18=0,0,1) -> 0 | V18: =IF(C18=3,0,IF(L18=1,0,D18-U18)) -> 0 | W18: =V18*1% -> 0
A19: 6 | E19: =IF(C19=3,0,IF(D19>0,введение!C$11,0)) -> 0 | G19: =IF(C19=3,D19-F19,D19-F19-E19-M19) -> 0 | H19: =ROUND((IF(C19=1,G19*10%,0)),0) -> 0 | I19: =ROUND((IF(C19=1,0,G19*10%)),0) -> 0 | K19: =IF(C19=3,0,IF(L19=1,0,D19-J19)) -> 0 | M19: =K19*10% -> 0 | O19: =IF(C19=3,0,IF(L19=1,0,D19-M19-N19)) -> 0 | P19: =IF(OR(O19<=0,),0,MIN(MAX(введение!$C$11,O19),введение!$C$14)) -> 0 | Q19: =ROUND(P19*5%,0) -> 0 | S19: =ROUND(R19*0.05,0) -> 0 | T19: =IF(D19=0,0,1) -> 0 | V19: =IF(C19=3,0,IF(L19=1,0,D19-U19)) -> 0 | W19: =V19*1% -> 0
A20: 7 | E20: =IF(C20=3,0,IF(D20>0,введение!C$11,0)) -> 0 | G20: =IF(C20=3,D20-F20,D20-F20-E20-M20) -> 0 | H20: =ROUND((IF(C20=1,G20*10%,0)),0) -> 0 | I20: =ROUND((IF(C20=1,0,G20*10%)),0) -> 0 | K20: =IF(C20=3,0,IF(L20=1,0,D20-J20)) -> 0 | M20: =K20*10% -> 0 | O20: =IF(C20=3,0,IF(L20=1,0,D20-M20-N20)) -> 0 | P20: =IF(OR(O20<=0,),0,MIN(MAX(введение!$C$11,O20),введение!$C$14)) -> 0 | Q20: =ROUND(P20*5%,0) -> 0 | S20: =ROUND(R20*0.05,0) -> 0 | T20: =IF(D20=0,0,1) -> 0 | V20: =IF(C20=3,0,IF(L20=1,0,D20-U20)) -> 0 | W20: =V20*1% -> 0
A21: 8 | E21: =IF(C21=3,0,IF(D21>0,введение!C$11,0)) -> 0 | G21: =IF(C21=3,D21-F21,D21-F21-E21-M21) -> 0 | H21: =ROUND((IF(C21=1,G21*10%,0)),0) -> 0 | I21: =ROUND((IF(C21=1,0,G21*10%)),0) -> 0 | K21: =IF(C21=3,0,IF(L21=1,0,D21-J21)) -> 0 | M21: =K21*10% -> 0 | O21: =IF(C21=3,0,IF(L21=1,0,D21-M21-N21)) -> 0 | P21: =IF(OR(O21<=0,),0,MIN(MAX(введение!$C$11,O21),введение!$C$14)) -> 0 | Q21: =ROUND(P21*5%,0) -> 0 | S21: =ROUND(R21*0.05,0) -> 0 | T21: =IF(D21=0,0,1) -> 0 | V21: =IF(C21=3,0,IF(L21=1,0,D21-U21)) -> 0 | W21: =V21*1% -> 0
A22: 9 | E22: =IF(C22=3,0,IF(D22>0,введение!C$11,0)) -> 0 | G22: =IF(C22=3,D22-F22,D22-F22-E22-M22) -> 0 | H22: =ROUND((IF(C22=1,G22*10%,0)),0) -> 0 | I22: =ROUND((IF(C22=1,0,G22*10%)),0) -> 0 | K22: =IF(C22=3,0,IF(L22=1,0,D22-J22)) -> 0 | M22: =K22*10% -> 0 | O22: =IF(C22=3,0,IF(L22=1,0,D22-M22-N22)) -> 0 | P22: =IF(OR(O22<=0,),0,MIN(MAX(введение!$C$11,O22),введение!$C$14)) -> 0 | Q22: =ROUND(P22*5%,0) -> 0 | S22: =ROUND(R22*0.05,0) -> 0 | T22: =IF(D22=0,0,1) -> 0 | V22: =IF(C22=3,0,IF(L22=1,0,D22-U22)) -> 0 | W22: =V22*1% -> 0
A23: 10 | E23: =IF(C23=3,0,IF(D23>0,введение!C$11,0)) -> 0 | G23: =IF(C23=3,D23-F23,D23-F23-E23-M23) -> 0 | H23: =ROUND((IF(C23=1,G23*10%,0)),0) -> 0 | I23: =ROUND((IF(C23=1,0,G23*10%)),0) -> 0 | K23: =IF(C23=3,0,IF(L23=1,0,D23-J23)) -> 0 | M23: =K23*10% -> 0 | O23: =IF(C23=3,0,IF(L23=1,0,D23-M23-N23)) -> 0 | P23: =IF(OR(O23<=0,),0,MIN(MAX(введение!$C$11,O23),введение!$C$14)) -> 0 | Q23: =ROUND(P23*5%,0) -> 0 | S23: =ROUND(R23*0.05,0) -> 0 | T23: =IF(D23=0,0,1) -> 0 | V23: =IF(C23=3,0,IF(L23=1,0,D23-U23)) -> 0 | W23: =V23*1% -> 0
A24: 11 | E24: =IF(C24=3,0,IF(D24>0,введение!C$11,0)) -> 0 | G24: =IF(C24=3,D24-F24,D24-F24-E24-M24) -> 0 | H24: =ROUND((IF(C24=1,G24*10%,0)),0) -> 0 | I24: =ROUND((IF(C24=1,0,G24*10%)),0) -> 0 | K24: =IF(C24=3,0,IF(L24=1,0,D24-J24)) -> 0 | M24: =K24*10% -> 0 | O24: =IF(C24=3,0,IF(L24=1,0,D24-M24-N24)) -> 0 | P24: =IF(OR(O24<=0,),0,MIN(MAX(введение!$C$11,O24),введение!$C$14)) -> 0 | Q24: =ROUND(P24*5%,0) -> 0 | S24: =ROUND(R24*0.05,0) -> 0 | T24: =IF(D24=0,0,1) -> 0 | V24: =IF(C24=3,0,IF(L24=1,0,D24-U24)) -> 0 | W24: =V24*1% -> 0
A25: 12 | E25: =IF(C25=3,0,IF(D25>0,введение!C$11,0)) -> 0 | G25: =IF(C25=3,D25-F25,D25-F25-E25-M25) -> 0 | H25: =ROUND((IF(C25=1,G25*10%,0)),0) -> 0 | I25: =ROUND((IF(C25=1,0,G25*10%)),0) -> 0 | K25: =IF(C25=3,0,IF(L25=1,0,D25-J25)) -> 0 | M25: =K25*10% -> 0 | O25: =IF(C25=3,0,IF(L25=1,0,D25-M25-N25)) -> 0 | P25: =IF(OR(O25<=0,),0,MIN(MAX(введение!$C$11,O25),введение!$C$14)) -> 0 | Q25: =ROUND(P25*5%,0) -> 0 | S25: =ROUND(R25*0.05,0) -> 0 | T25: =IF(D25=0,0,1) -> 0 | V25: =IF(C25=3,0,IF(L25=1,0,D25-U25)) -> 0 | W25: =V25*1% -> 0
A26: Итого: | D26: =SUM(D14:D25) -> 0 | E26: =SUM(E14:E25) -> 0 | F26: =SUM(F14:F25) -> 0 | G26: =SUM(G14:G25) -> 0 | H26: =SUM(H14:H25) -> 0 | I26: =SUM(I14:I25) -> 0 | J26: =SUM(J14:J25) -> 0 | K26: =SUM(K14:K25) -> 0 | ... W26: =SUM(W14:W25) -> 0 | X26: =IF(D26>0,D26/T26,0) -> 0
A28: (Ф.И.О., подпись руководителя (налогоплательщика), печать)
A31: (Ф.И.О., подпись главного бухгалтера )
A34: (Ф.И.О., подпись лица, ответственного за составление налогового регистра)
A37: (Дата составления налогового регистра)

Sheet № 2.4 Начис. доходы работ
Q2: Форма 910.00
A5: Наименование налогоплательщика
A7: 1 | B7: РНН
A8: 2 | B8: ИИН (БИН) | D8: ='№ 910 Декларация '!D8 -> 0
A9: 3 | B9: Налоговый период: месяц Год | D9: =IF('№ 910 Декларация '!K12=1,"апрель","октябрь") -> октябрь | E9: ='№ 910 Декларация '!N12 -> 2017
A11: Налоговый регистр: "Начисленные доходы работникам для целей налогообложения"
A13: № п/п | B13: Ф.И.О. работника | C13: Признак резиденства: гражданин РК - 1; иностранный гражданин резидент - 2; иностранный гражданин нерезидент - 3 | D13: начисленный доход | E13: примененный вычет | F13: Доходы, не облагаемые ИПН | G13: Доходы, облагаемые ИПН | H13: Индивидуальный подоходный налог с доходов граждан РК | I13: Индивидуальный подоходный налог с доходов иностранцев и лиц без гражданства | J13: Доходы, не облагаемые ОПВ | K13: Доход для исчисления обязательных пенсионных взносов | L13: Пенсионер (если да, то нужно поставить 1) | M13: Обязательные пенсионные взносы | N13: Доходы не облагаемые СО | O13: Предварительный расчет объекта для исчисления СО | P13: Доход для исчисления социальных очтислений | Q13: Обязательные социальные отчисления | R13: Доход для исчисления обязательных профессиональных пенсионных взносов | S13: Обязательные профессиональные пенсионные взносы | T13: Численность работников | U13: Доходы не принимаемые для исчисления ОСМС | V13: Доходы принимаемые для исчисления ОСМС | W13: Сумма отчислений на обязательное социальное медицинское страхование, к уплате | X13: Среднемесячная заработная плата на одного работника
A14: 1 | E14: =IF(C14=3,0,IF(D14>0,введение!C$11,0)) -> 0 | G14: =IF(C14=3,D14-F14,D14-F14-E14-M14) -> 0 | H14: =ROUND((IF(C14=1,G14*10%,0)),0) -> 0 | I14: =ROUND((IF(C14=1,0,G14*10%)),0) -> 0 | K14: =IF(C14=3,0,IF(L14=1,0,D14-J14)) -> 0 | M14: =K14*10% -> 0 | O14: =IF(C14=3,0,IF(L14=1,0,D14-M14-N14)) -> 0 | P14: =IF(OR(O14<=0,),0,MIN(MAX(введение!$C$11,O14),введение!$C$14)) -> 0 | Q14: =ROUND(P14*5%,0) -> 0 | S14: =ROUND(R14*0.05,0) -> 0 | T14: =IF(D14=0,0,1) -> 0 | V14: =IF(C14=3,0,IF(L14=1,0,D14-U14)) -> 0 | W14: =V14*1% -> 0
A15: 2 | E15: =IF(C15=3,0,IF(D15>0,введение!C$11,0)) -> 0 | G15: =IF(C15=3,D15-F15,D15-F15-E15-M15) -> 0 | H15: =ROUND((IF(C15=1,G15*10%,0)),0) -> 0 | I15: =ROUND((IF(C15=1,0,G15*10%)),0) -> 0 | K15: =IF(C15=3,0,IF(L15=1,0,D15-J15)) -> 0 | M15: =K15*10% -> 0 | O15: =IF(C15=3,0,IF(L15=1,0,D15-M15-N15)) -> 0 | P15: =IF(OR(O15<=0,),0,MIN(MAX(введение!$C$11,O15),введение!$C$14)) -> 0 | Q15: =ROUND(P15*5%,0) -> 0 | S15: =ROUND(R15*0.05,0) -> 0 | T15: =IF(D15=0,0,1) -> 0 | V15: =IF(C15=3,0,IF(L15=1,0,D15-U15)) -> 0 | W15: =V15*1% -> 0
A16: 3 | E16: =IF(C16=3,0,IF(D16>0,введение!C$11,0)) -> 0 | G16: =IF(C16=3,D16-F16,D16-F16-E16-M16) -> 0 | H16: =ROUND((IF(C16=1,G16*10%,0)),0) -> 0 | I16: =ROUND((IF(C16=1,0,G16*10%)),0) -> 0 | K16: =IF(C16=3,0,IF(L16=1,0,D16-J16)) -> 0 | M16: =K16*10% -> 0 | O16: =IF(C16=3,0,IF(L16=1,0,D16-M16-N16)) -> 0 | P16: =IF(OR(O16<=0,),0,MIN(MAX(введение!$C$11,O16),введение!$C$14)) -> 0 | Q16: =ROUND(P16*5%,0) -> 0 | S16: =ROUND(R16*0.05,0) -> 0 | T16: =IF(D16=0,0,1) -> 0 | V16: =IF(C16=3,0,IF(L16=1,0,D16-U16)) -> 0 | W16: =V16*1% -> 0
A17: 4 | E17: =IF(C17=3,0,IF(D17>0,введение!C$11,0)) -> 0 | G17: =IF(C17=3,D17-F17,D17-F17-E17-M17) -> 0 | H17: =ROUND((IF(C17=1,G17*10%,0)),0) -> 0 | I17: =ROUND((IF(C17=1,0,G17*10%)),0) -> 0 | K17: =IF(C17=3,0,IF(L17=1,0,D17-J17)) -> 0 | M17: =K17*10% -> 0 | O17: =IF(C17=3,0,IF(L17=1,0,D17-M17-N17)) -> 0 | P17: =IF(OR(O17<=0,),0,MIN(MAX(введение!$C$11,O17),введение!$C$14)) -> 0 | Q17: =ROUND(P17*5%,0) -> 0 | S17: =ROUND(R17*0.05,0) -> 0 | T17: =IF(D17=0,0,1) -> 0 | V17: =IF(C17=3,0,IF(L17=1,0,D17-U17)) -> 0 | W17: =V17*1% -> 0
A18: 5 | E18: =IF(C18=3,0,IF(D18>0,введение!C$11,0)) -> 0 | G18: =IF(C18=3,D18-F18,D18-F18-E18-M18) -> 0 | H18: =ROUND((IF(C18=1,G18*10%,0)),0) -> 0 | I18: =ROUND((IF(C18=1,0,G18*10%)),0) -> 0 | K18: =IF(C18=3,0,IF(L18=1,0,D18-J18)) -> 0 | M18: =K18*10% -> 0 | O18: =IF(C18=3,0,IF(L18=1,0,D18-M18-N18)) -> 0 | P18: =IF(OR(O18<=0,),0,MIN(MAX(введение!$C$11,O18),введение!$C$14)) -> 0 | Q18: =ROUND(P18*5%,0) -> 0 | S18: =ROUND(R18*0.05,0) -> 0 | T18: =IF(D18=0,0,1) -> 0 | V18: =IF(C18=3,0,IF(L18=1,0,D18-U18)) -> 0 | W18: =V18*1% -> 0
A19: 6 | E19: =IF(C19=3,0,IF(D19>0,введение!C$11,0)) -> 0 | G19: =IF(C19=3,D19-F19,D19-F19-E19-M19) -> 0 | H19: =ROUND((IF(C19=1,G19*10%,0)),0) -> 0 | I19: =ROUND((IF(C19=1,0,G19*10%)),0) -> 0 | K19: =IF(C19=3,0,IF(L19=1,0,D19-J19)) -> 0 | M19: =K19*10% -> 0 | O19: =IF(C19=3,0,IF(L19=1,0,D19-M19-N19)) -> 0 | P19: =IF(OR(O19<=0,),0,MIN(MAX(введение!$C$11,O19),введение!$C$14)) -> 0 | Q19: =ROUND(P19*5%,0) -> 0 | S19: =ROUND(R19*0.05,0) -> 0 | T19: =IF(D19=0,0,1) -> 0 | V19: =IF(C19=3,0,IF(L19=1,0,D19-U19)) -> 0 | W19: =V19*1% -> 0
A20: 7 | E20: =IF(C20=3,0,IF(D20>0,введение!C$11,0)) -> 0 | G20: =IF(C20=3,D20-F20,D20-F20-E20-M20) -> 0 | H20: =ROUND((IF(C20=1,G20*10%,0)),0) -> 0 | I20: =ROUND((IF(C20=1,0,G20*10%)),0) -> 0 | K20: =IF(C20=3,0,IF(L20=1,0,D20-J20)) -> 0 | M20: =K20*10% -> 0 | O20: =IF(C20=3,0,IF(L20=1,0,D20-M20-N20)) -> 0 | P20: =IF(OR(O20<=0,),0,MIN(MAX(введение!$C$11,O20),введение!$C$14)) -> 0 | Q20: =ROUND(P20*5%,0) -> 0 | S20: =ROUND(R20*0.05,0) -> 0 | T20: =IF(D20=0,0,1) -> 0 | V20: =IF(C20=3,0,IF(L20=1,0,D20-U20)) -> 0 | W20: =V20*1% -> 0
A21: 8 | E21: =IF(C21=3,0,IF(D21>0,введение!C$11,0)) -> 0 | G21: =IF(C21=3,D21-F21,D21-F21-E21-M21) -> 0 | H21: =ROUND((IF(C21=1,G21*10%,0)),0) -> 0 | I21: =ROUND((IF(C21=1,0,G21*10%)),0) -> 0 | K21: =IF(C21=3,0,IF(L21=1,0,D21-J21)) -> 0 | M21: =K21*10% -> 0 | O21: =IF(C21=3,0,IF(L21=1,0,D21-M21-N21)) -> 0 | P21: =IF(OR(O21<=0,),0,MIN(MAX(введение!$C$11,O21),введение!$C$14)) -> 0 | Q21: =ROUND(P21*5%,0) -> 0 | S21: =ROUND(R21*0.05,0) -> 0 | T21: =IF(D21=0,0,1) -> 0 | V21: =IF(C21=3,0,IF(L21=1,0,D21-U21)) -> 0 | W21: =V21*1% -> 0
A22: 9 | E22: =IF(C22=3,0,IF(D22>0,введение!C$11,0)) -> 0 | G22: =IF(C22=3,D22-F22,D22-F22-E22-M22) -> 0 | H22: =ROUND((IF(C22=1,G22*10%,0)),0) -> 0 | I22: =ROUND((IF(C22=1,0,G22*10%)),0) -> 0 | K22: =IF(C22=3,0,IF(L22=1,0,D22-J22)) -> 0 | M22: =K22*10% -> 0 | O22: =IF(C22=3,0,IF(L22=1,0,D22-M22-N22)) -> 0 | P22: =IF(OR(O22<=0,),0,MIN(MAX(введение!$C$11,O22),введение!$C$14)) -> 0 | Q22: =ROUND(P22*5%,0) -> 0 | S22: =ROUND(R22*0.05,0) -> 0 | T22: =IF(D22=0,0,1) -> 0 | V22: =IF(C22=3,0,IF(L22=1,0,D22-U22)) -> 0 | W22: =V22*1% -> 0
A23: 10 | E23: =IF(C23=3,0,IF(D23>0,введение!C$11,0)) -> 0 | G23: =IF(C23=3,D23-F23,D23-F23-E23-M23) -> 0 | H23: =ROUND((IF(C23=1,G23*10%,0)),0) -> 0 | I23: =ROUND((IF(C23=1,0,G23*10%)),0) -> 0 | K23: =IF(C23=3,0,IF(L23=1,0,D23-J23)) -> 0 | M23: =K23*10% -> 0 | O23: =IF(C23=3,0,IF(L23=1,0,D23-M23-N23)) -> 0 | P23: =IF(OR(O23<=0,),0,MIN(MAX(введение!$C$11,O23),введение!$C$14)) -> 0 | Q23: =ROUND(P23*5%,0) -> 0 | S23: =ROUND(R23*0.05,0) -> 0 | T23: =IF(D23=0,0,1) -> 0 | V23: =IF(C23=3,0,IF(L23=1,0,D23-U23)) -> 0 | W23: =V23*1% -> 0
A24: 11 | E24: =IF(C24=3,0,IF(D24>0,введение!C$11,0)) -> 0 | G24: =IF(C24=3,D24-F24,D24-F24-E24-M24) -> 0 | H24: =ROUND((IF(C24=1,G24*10%,0)),0) -> 0 | I24: =ROUND((IF(C24=1,0,G24*10%)),0) -> 0 | K24: =IF(C24=3,0,IF(L24=1,0,D24-J24)) -> 0 | M24: =K24*10% -> 0 | O24: =IF(C24=3,0,IF(L24=1,0,D24-M24-N24)) -> 0 | P24: =IF(OR(O24<=0,),0,MIN(MAX(введение!$C$11,O24),введение!$C$14)) -> 0 | Q24: =ROUND(P24*5%,0) -> 0 | S24: =ROUND(R24*0.05,0) -> 0 | T24: =IF(D24=0,0,1) -> 0 | V24: =IF(C24=3,0,IF(L24=1,0,D24-U24)) -> 0 | W24: =V24*1% -> 0
A25: 12 | E25: =IF(C25=3,0,IF(D25>0,введение!C$11,0)) -> 0 | G25: =IF(C25=3,D25-F25,D25-F25-E25-M25) -> 0 | H25: =ROUND((IF(C25=1,G25*10%,0)),0) -> 0 | I25: =ROUND((IF(C25=1,0,G25*10%)),0) -> 0 | K25: =IF(C25=3,0,IF(L25=1,0,D25-J25)) -> 0 | M25: =K25*10% -> 0 | O25: =IF(C25=3,0,IF(L25=1,0,D25-M25-N25)) -> 0 | P25: =IF(OR(O25<=0,),0,MIN(MAX(введение!$C$11,O25),введение!$C$14)) -> 0 | Q25: =ROUND(P25*5%,0) -> 0 | S25: =ROUND(R25*0.05,0) -> 0 | T25: =IF(D25=0,0,1) -> 0 | V25: =IF(C25=3,0,IF(L25=1,0,D25-U25)) -> 0 | W25: =V25*1% -> 0
A26: Итого: | D26: =SUM(D14:D25) -> 0 | E26: =SUM(E14:E25) -> 0 | F26: =SUM(F14:F25) -> 0 | G26: =SUM(G14:G25) -> 0 | H26: =SUM(H14:H25) -> 0 | I26: =SUM(I14:I25) -> 0 | J26: =SUM(J14:J25) -> 0 | K26: =SUM(K14:K25) -> 0 | ... W26: =SUM(W14:W25) -> 0 | X26: =IF(D26>0,D26/T26,0) -> 0
A28: (Ф.И.О., подпись руководителя (налогоплательщика), печать)
A31: (Ф.И.О., подпись главного бухгалтера )
A34: (Ф.И.О., подпись лица, ответственного за составление налогового регистра)
A37: (Дата составления налогового регистра)

Sheet № 2.5 Начис. доходы работ. 
Q2: Форма 910.00
A4: Наименование налогоплательщика
A6: 1 | B6: РНН
A7: 2 | B7: ИИН (БИН) | D7: ='№ 910 Декларация '!D8 -> 0
A8: 3 | B8: Налоговый период: месяц Год | D8: =IF('№ 910 Декларация '!K12=1,"май","ноябрь") -> ноябрь | E8: ='№ 910 Декларация '!N12 -> 2017
A10: Налоговый регистр: "Начисленные доходы работникам для целей налогообложения"
A13: № п/п | B13: Ф.И.О. работника | C13: Признак резиденства: гражданин РК - 1; иностранный гражданин резидент - 2; иностранный гражданин нерезидент - 3 | D13: начисленный доход | E13: примененный вычет | F13: Доходы, не облагаемые ИПН | G13: Доходы, облагаемые ИПН | H13: Индивидуальный подоходный налог с доходов граждан РК | I13: Индивидуальный подоходный налог с доходов иностранцев и лиц без гражданства | J13: Доходы, не облагаемые ОПВ | K13: Доход для исчисления обязательных пенсионных взносов | L13: Пенсионер (если да, то нужно поставить 1) | M13: Обязательные пенсионные взносы | N13: Доходы не облагаемые СО | O13: Предварительный расчет объекта для исчисления СО | P13: Доход для исчисления социальных очтислений | Q13: Обязательные социальные отчисления | R13: Доход для исчисления обязательных профессиональных пенсионных взносов | S13: Обязательные профессиональные пенсионные взносы | T13: Численность работников | U13: Доходы не принимаемые для исчисления ОСМС | V13: Доходы принимаемые для исчисления ОСМС | W13: Сумма отчислений на обязательное социальное медицинское страхование, к уплате | X13: Среднемесячная заработная плата на одного работника
A14: 1 | E14: =IF(C14=3,0,IF(D14>0,введение!C$11,0)) -> 0 | G14: =IF(C14=3,D14-F14,D14-F14-E14-M14) -> 0 | H14: =ROUND((IF(C14=1,G14*10%,0)),0) -> 0 | I14: =ROUND((IF(C14=1,0,G14*10%)),0) -> 0 | K14: =IF(C14=3,0,IF(L14=1,0,D14-J14)) -> 0 | M14: =K14*10% -> 0 | O14: =IF(C14=3,0,IF(L14=1,0,D14-M14-N14)) -> 0 | P14: =IF(OR(O14<=0,),0,MIN(MAX(введение!$C$11,O14),введение!$C$14)) -> 0 | Q14: =ROUND(P14*5%,0) -> 0 | S14: =ROUND(R14*0.05,0) -> 0 | T14: =IF(D14=0,0,1) -> 0 | V14: =IF(C14=3,0,IF(L14=1,0,D14-U14)) -> 0 | W14: =V14*1% -> 0
A15: 2 | E15: =IF(C15=3,0,IF(D15>0,введение!C$11,0)) -> 0 | G15: =IF(C15=3,D15-F15,D15-F15-E15-M15) -> 0 | H15: =ROUND((IF(C15=1,G15*10%,0)),0) -> 0 | I15: =ROUND((IF(C15=1,0,G15*10%)),0) -> 0 | K15: =IF(C15=3,0,IF(L15=1,0,D15-J15)) -> 0 | M15: =K15*10% -> 0 | O15: =IF(C15=3,0,IF(L15=1,0,D15-M15-N15)) -> 0 | P15: =IF(OR(O15<=0,),0,MIN(MAX(введение!$C$11,O15),введение!$C$14)) -> 0 | Q15: =ROUND(P15*5%,0) -> 0 | S15: =ROUND(R15*0.05,0) -> 0 | T15: =IF(D15=0,0,1) -> 0 | V15: =IF(C15=3,0,IF(L15=1,0,D15-U15)) -> 0 | W15: =V15*1% -> 0
A16: 3 | E16: =IF(C16=3,0,IF(D16>0,введение!C$11,0)) -> 0 | G16: =IF(C16=3,D16-F16,D16-F16-E16-M16) -> 0 | H16: =ROUND((IF(C16=1,G16*10%,0)),0) -> 0 | I16: =ROUND((IF(C16=1,0,G16*10%)),0) -> 0 | K16: =IF(C16=3,0,IF(L16=1,0,D16-J16)) -> 0 | M16: =K16*10% -> 0 | O16: =IF(C16=3,0,IF(L16=1,0,D16-M16-N16)) -> 0 | P16: =IF(OR(O16<=0,),0,MIN(MAX(введение!$C$11,O16),введение!$C$14)) -> 0 | Q16: =ROUND(P16*5%,0) -> 0 | S16: =ROUND(R16*0.05,0) -> 0 | T16: =IF(D16=0,0,1) -> 0 | V16: =IF(C16=3,0,IF(L16=1,0,D16-U16)) -> 0 | W16: =V16*1% -> 0
A17: 4 | E17: =IF(C17=3,0,IF(D17>0,введение!C$11,0)) -> 0 | G17: =IF(C17=3,D17-F17,D17-F17-E17-M17) -> 0 | H17: =ROUND((IF(C17=1,G17*10%,0)),0) -> 0 | I17: =ROUND((IF(C17=1,0,G17*10%)),0) -> 0 | K17: =IF(C17=3,0,IF(L17=1,0,D17-J17)) -> 0 | M17: =K17*10% -> 0 | O17: =IF(C17=3,0,IF(L17=1,0,D17-M17-N17)) -> 0 | P17: =IF(OR(O17<=0,),0,MIN(MAX(введение!$C$11,O17),введение!$C$14)) -> 0 | Q17: =ROUND(P17*5%,0) -> 0 | S17: =ROUND(R17*0.05,0) -> 0 | T17: =IF(D17=0,0,1) -> 0 | V17: =IF(C17=3,0,IF(L17=1,0,D17-U17)) -> 0 | W17: =V17*1% -> 0
A18: 5 | E18: =IF(C18=3,0,IF(D18>0,введение!C$11,0)) -> 0 | G18: =IF(C18=3,D18-F18,D18-F18-E18-M18) -> 0 | H18: =ROUND((IF(C18=1,G18*10%,0)),0) -> 0 | I18: =ROUND((IF(C18=1,0,G18*10%)),0) -> 0 | K18: =IF(C18=3,0,IF(L18=1,0,D18-J18)) -> 0 | M18: =K18*10% -> 0 | O18: =IF(C18=3,0,IF(L18=1,0,D18-M18-N18)) -> 0 | P18: =IF(OR(O18<=0,),0,MIN(MAX(введение!$C$11,O18),введение!$C$14)) -> 0 | Q18: =ROUND(P18*5%,0) -> 0 | S18: =ROUND(R18*0.05,0) -> 0 | T18: =IF(D18=0,0,1) -> 0 | V18: =IF(C18=3,0,IF(L18=1,0,D18-U18)) -> 0 | W18: =V18*1% -> 0
A19: 6 | E19: =IF(C19=3,0,IF(D19>0,введение!C$11,0)) -> 0 | G19: =IF(C19=3,D19-F19,D19-F19-E19-M19) -> 0 | H19: =ROUND((IF(C19=1,G19*10%,0)),0) -> 0 | I19: =ROUND((IF(C19=1,0,G19*10%)),0) -> 0 | K19: =IF(C19=3,0,IF(L19=1,0,D19-J19)) -> 0 | M19: =K19*10% -> 0 | O19: =IF(C19=3,0,IF(L19=1,0,D19-M19-N19)) -> 0 | P19: =IF(OR(O19<=0,),0,MIN(MAX(введение!$C$11,O19),введение!$C$14)) -> 0 | Q19: =ROUND(P19*5%,0) -> 0 | S19: =ROUND(R19*0.05,0) -> 0 | T19: =IF(D19=0,0,1) -> 0 | V19: =IF(C19=3,0,IF(L19=1,0,D19-U19)) -> 0 | W19: =V19*1% -> 0
A20: 7 | E20: =IF(C20=3,0,IF(D20>0,введение!C$11,0)) -> 0 | G20: =IF(C20=3,D20-F20,D20-F20-E20-M20) -> 0 | H20: =ROUND((IF(C20=1,G20*10%,0)),0) -> 0 | I20: =ROUND((IF(C20=1,0,G20*10%)),0) -> 0 | K20: =IF(C20=3,0,IF(L20=1,0,D20-J20)) -> 0 | M20: =K20*10% -> 0 | O20: =IF(C20=3,0,IF(L20=1,0,D20-M20-N20)) -> 0 | P20: =IF(OR(O20<=0,),0,MIN(MAX(введение!$C$11,O20),введение!$C$14)) -> 0 | Q20: =ROUND(P20*5%,0) -> 0 | S20: =ROUND(R20*0.05,0) -> 0 | T20: =IF(D20=0,0,1) -> 0 | V20: =IF(C20=3,0,IF(L20=1,0,D20-U20)) -> 0 | W20: =V20*1% -> 0
A21: 8 | E21: =IF(C21=3,0,IF(D21>0,введение!C$11,0)) -> 0 | G21: =IF(C21=3,D21-F21,D21-F21-E21-M21) -> 0 | H21: =ROUND((IF(C21=1,G21*10%,0)),0) -> 0 | I21: =ROUND((IF(C21=1,0,G21*10%)),0) -> 0 | K21: =IF(C21=3,0,IF(L21=1,0,D21-J21)) -> 0 | M21: =K21*10% -> 0 | O21: =IF(C21=3,0,IF(L21=1,0,D21-M21-N21)) -> 0 | P21: =IF(OR(O21<=0,),0,MIN(MAX(введение!$C$11,O21),введение!$C$14)) -> 0 | Q21: =ROUND(P21*5%,0) -> 0 | S21: =ROUND(R21*0.05,0) -> 0 | T21: =IF(D21=0,0,1) -> 0 | V21: =IF(C21=3,0,IF(L21=1,0,D21-U21)) -> 0 | W21: =V21*1% -> 0
A22: 9 | E22: =IF(C22=3,0,IF(D22>0,введение!C$11,0)) -> 0 | G22: =IF(C22=3,D22-F22,D22-F22-E22-M22) -> 0 | H22: =ROUND((IF(C22=1,G22*10%,0)),0) -> 0 | I22: =ROUND((IF(C22=1,0,G22*10%)),0) -> 0 | K22: =IF(C22=3,0,IF(L22=1,0,D22-J22)) -> 0 | M22: =K22*10% -> 0 | O22: =IF(C22=3,0,IF(L22=1,0,D22-M22-N22)) -> 0 | P22: =IF(OR(O22<=0,),0,MIN(MAX(введение!$C$11,O22),введение!$C$14)) -> 0 | Q22: =ROUND(P22*5%,0) -> 0 | S22: =ROUND(R22*0.05,0) -> 0 | T22: =IF(D22=0,0,1) -> 0 | V22: =IF(C22=3,0,IF(L22=1,0,D22-U22)) -> 0 | W22: =V22*1% -> 0
A23: 10 | E23: =IF(C23=3,0,IF(D23>0,введение!C$11,0)) -> 0 | G23: =IF(C23=3,D23-F23,D23-F23-E23-M23) -> 0 | H23: =ROUND((IF(C23=1,G23*10%,0)),0) -> 0 | I23: =ROUND((IF(C23=1,0,G23*10%)),0) -> 0 | K23: =IF(C23=3,0,IF(L23=1,0,D23-J23)) -> 0 | M23: =K23*10% -> 0 | O23: =IF(C23=3,0,IF(L23=1,0,D23-M23-N23)) -> 0 | P23: =IF(OR(O23<=0,),0,MIN(MAX(введение!$C$11,O23),введение!$C$14)) -> 0 | Q23: =ROUND(P23*5%,0) -> 0 | S23: =ROUND(R23*0.05,0) -> 0 | T23: =IF(D23=0,0,1) -> 0 | V23: =IF(C23=3,0,IF(L23=1,0,D23-U23)) -> 0 | W23: =V23*1% -> 0
A24: 11 | E24: =IF(C24=3,0,IF(D24>0,введение!C$11,0)) -> 0 | G24: =IF(C24=3,D24-F24,D24-F24-E24-M24) -> 0 | H24: =ROUND((IF(C24=1,G24*10%,0)),0) -> 0 | I24: =ROUND((IF(C24=1,0,G24*10%)),0) -> 0 | K24: =IF(C24=3,0,IF(L24=1,0,D24-J24)) -> 0 | M24: =K24*10% -> 0 | O24: =IF(C24=3,0,IF(L24=1,0,D24-M24-N24)) -> 0 | P24: =IF(OR(O24<=0,),0,MIN(MAX(введение!$C$11,O24),введение!$C$14)) -> 0 | Q24: =ROUND(P24*5%,0) -> 0 | S24: =ROUND(R24*0.05,0) -> 0 | T24: =IF(D24=0,0,1) -> 0 | V24: =IF(C24=3,0,IF(L24=1,0,D24-U24)) -> 0 | W24: =V24*1% -> 0
A25: 12 | E25: =IF(C25=3,0,IF(D25>0,введение!C$11,0)) -> 0 | G25: =IF(C25=3,D25-F25,D25-F25-E25-M25) -> 0 | H25: =ROUND((IF(C25=1,G25*10%,0)),0) -> 0 | I25: =ROUND((IF(C25=1,0,G25*10%)),0) -> 0 | K25: =IF(C25=3,0,IF(L25=1,0,D25-J25)) -> 0 | M25: =K25*10% -> 0 | O25: =IF(C25=3,0,IF(L25=1,0,D25-M25-N25)) -> 0 | P25: =IF(OR(O25<=0,),0,MIN(MAX(введение!$C$11,O25),введение!$C$14)) -> 0 | Q25: =ROUND(P25*5%,0) -> 0 | S25: =ROUND(R25*0.05,0) -> 0 | T25: =IF(D25=0,0,1) -> 0 | V25: =IF(C25=3,0,IF(L25=1,0,D25-U25)) -> 0 | W25: =V25*1% -> 0
A26: Итого: | D26: =SUM(D14:D25) -> 0 | E26: =SUM(E14:E25) -> 0 | F26: =SUM(F14:F25) -> 0 | G26: =SUM(G14:G25) -> 0 | H26: =SUM(H14:H25) -> 0 | I26: =SUM(I14:I25) -> 0 | J26: =SUM(J14:J25) -> 0 | K26: =SUM(K14:K25) -> 0 | ... W26: =SUM(W14:W25) -> 0 | X26: =IF(D26>0,D26/T26,0) -> 0
A28: (Ф.И.О., подпись руководителя (налогоплательщика), печать)
A31: (Ф.И.О., подпись главного бухгалтера )
A34: (Ф.И.О., подпись лица, ответственного за составление налогового регистра)
A37: (Дата составления налогового регистра)

Sheet № 2.6 Начис. доходы работ. 
D2: Форма 910.00
A4: Наименование налогоплательщика
A6: 1 | B6: РНН
A7: 2 | B7: ИИН (БИН) | D7: ='№ 910 Декларация '!D8 -> 0
A8: 3 | B8: Налоговый период: месяц Год | D8: =IF('№ 910 Декларация '!K12=1,"июнь","декабрь") -> декабрь | E8: ='№ 910 Декларация '!N12 -> 2017
A10: Налоговый регистр: "Начисленные доходы работникам для целей налогообложения"
A13: № п/п | B13: Ф.И.О. работника | C13: Признак резиденства: гражданин РК - 1; иностранный гражданин резидент - 2; иностранный гражданин нерезидент - 3 | D13: начисленный доход | E13: примененный вычет | F13: Доходы, не облагаемые ИПН | G13: Доходы, облагаемые ИПН | H13: Индивидуальный подоходный налог с доходов граждан РК | I13: Индивидуальный подоходный налог с доходов иностранцев и лиц без гражданства | J13: Доходы, не облагаемые ОПВ | K13: Доход для исчисления обязательных пенсионных взносов | L13: Пенсионер (если да, то нужно поставить 1) | M13: Обязательные пенсионные взносы | N13: Доходы не облагаемые СО | O13: Предварительный расчет объекта для исчисления СО | P13: Доход для исчисления социальных очтислений | Q13: Обязательные социальные отчисления | R13: Доход для исчисления обязательных профессиональных пенсионных взносов | S13: Обязательные профессиональные пенсионные взносы | T13: Численность работников | U13: Доходы не принимаемые для исчисления ОСМС | V13: Доходы принимаемые для исчисления ОСМС | W13: Сумма отчислений на обязательное социальное медицинское страхование, к уплате | X13: Среднемесячная заработная плата на одного работника
A14: 1 | E14: =IF(C14=3,0,IF(D14>0,введение!C$11,0)) -> 0 | G14: =IF(C14=3,D14-F14,D14-F14-E14-M14) -> 0 | H14: =ROUND((IF(C14=1,G14*10%,0)),0) -> 0 | I14: =ROUND((IF(C14=1,0,G14*10%)),0) -> 0 | K14: =IF(C14=3,0,IF(L14=1,0,D14-J14)) -> 0 | M14: =K14*10% -> 0 | O14: =IF(C14=3,0,IF(L14=1,0,D14-M14-N14)) -> 0 | P14: =IF(OR(O14<=0,),0,MIN(MAX(введение!$C$11,O14),введение!$C$14)) -> 0 | Q14: =ROUND(P14*5%,0) -> 0 | S14: =ROUND(R14*0.05,0) -> 0 | T14: =IF(D14=0,0,1) -> 0 | V14: =IF(C14=3,0,IF(L14=1,0,D14-U14)) -> 0 | W14: =V14*1% -> 0
A15: 2 | E15: =IF(C15=3,0,IF(D15>0,введение!C$11,0)) -> 0 | G15: =IF(C15=3,D15-F15,D15-F15-E15-M15) -> 0 | H15: =ROUND((IF(C15=1,G15*10%,0)),0) -> 0 | I15: =ROUND((IF(C15=1,0,G15*10%)),0) -> 0 | K15: =IF(C15=3,0,IF(L15=1,0,D15-J15)) -> 0 | M15: =K15*10% -> 0 | O15: =IF(C15=3,0,IF(L15=1,0,D15-M15-N15)) -> 0 | P15: =IF(OR(O15<=0,),0,MIN(MAX(введение!$C$11,O15),введение!$C$14)) -> 0 | Q15: =ROUND(P15*5%,0) -> 0 | S15: =ROUND(R15*0.05,0) -> 0 | T15: =IF(D15=0,0,1) -> 0 | V15: =IF(C15=3,0,IF(L15=1,0,D15-U15)) -> 0 | W15: =V15*1% -> 0
A16: 3 | E16: =IF(C16=3,0,IF(D16>0,введение!C$11,0)) -> 0 | G16: =IF(C16=3,D16-F16,D16-F16-E16-M16) -> 0 | H16: =ROUND((IF(C16=1,G16*10%,0)),0) -> 0 | I16: =ROUND((IF(C16=1,0,G16*10%)),0) -> 0 | K16: =IF(C16=3,0,IF(L16=1,0,D16-J16)) -> 0 | M16: =K16*10% -> 0 | O16: =IF(C16=3,0,IF(L16=1,0,D16-M16-N16)) -> 0 | P16: =IF(OR(O16<=0,),0,MIN(MAX(введение!$C$11,O16),введение!$C$14)) -> 0 | Q16: =ROUND(P16*5%,0) -> 0 | S16: =ROUND(R16*0.05,0) -> 0 | T16: =IF(D16=0,0,1) -> 0 | V16: =IF(C16=3,0,IF(L16=1,0,D16-U16)) -> 0 | W16: =V16*1% -> 0
A17: 4 | E17: =IF(C17=3,0,IF(D17>0,введение!C$11,0)) -> 0 | G17: =IF(C17=3,D17-F17,D17-F17-E17-M17) -> 0 | H17: =ROUND((IF(C17=1,G17*10%,0)),0) -> 0 | I17: =ROUND((IF(C17=1,0,G17*10%)),0) -> 0 | K17: =IF(C17=3,0,IF(L17=1,0,D17-J17)) -> 0 | M17: =K17*10% -> 0 | O17: =IF(C17=3,0,IF(L17=1,0,D17-M17-N17)) -> 0 | P17: =IF(OR(O17<=0,),0,MIN(MAX(введение!$C$11,O17),введение!$C$14)) -> 0 | Q17: =ROUND(P17*5%,0) -> 0 | S17: =ROUND(R17*0.05,0) -> 0 | T17: =IF(D17=0,0,1) -> 0 | V17: =IF(C17=3,0,IF(L17=1,0,D17-U17)) -> 0 | W17: =V17*1% -> 0
A18: 5 | E18: =IF(C18=3,0,IF(D18>0,введение!C$11,0)) -> 0 | G18: =IF(C18=3,D18-F18,D18-F18-E18-M18) -> 0 | H18: =ROUND((IF(C18=1,G18*10%,0)),0) -> 0 | I18: =ROUND((IF(C18=1,0,G18*10%)),0) -> 0 | K18: =IF(C18=3,0,IF(L18=1,0,D18-J18)) -> 0 | M18: =K18*10% -> 0 | O18: =IF(C18=3,0,IF(L18=1,0,D18-M18-N18)) -> 0 | P18: =IF(OR(O18<=0,),0,MIN(MAX(введение!$C$11,O18),введение!$C$14)) -> 0 | Q18: =ROUND(P18*5%,0) -> 0 | S18: =ROUND(R18*0.05,0) -> 0 | T18: =IF(D18=0,0,1) -> 0 | V18: =IF(C18=3,0,IF(L18=1,0,D18-U18)) -> 0 | W18: =V18*1% -> 0
A19: 6 | E19: =IF(C19=3,0,IF(D19>0,введение!C$11,0)) -> 0 | G19: =IF(C19=3,D19-F19,D19-F19-E19-M19) -> 0 | H19: =ROUND((IF(C19=1,G19*10%,0)),0) -> 0 | I19: =ROUND((IF(C19=1,0,G19*10%)),0) -> 0 | K19: =IF(C19=3,0,IF(L19=1,0,D19-J19)) -> 0 | M19: =K19*10% -> 0 | O19: =IF(C19=3,0,IF(L19=1,0,D19-M19-N19)) -> 0 | P19: =IF(OR(O19<=0,),0,MIN(MAX(введение!$C$11,O19),введение!$C$14)) -> 0 | Q19: =ROUND(P19*5%,0) -> 0 | S19: =ROUND(R19*0.05,0) -> 0 | T19: =IF(D19=0,0,1) -> 0 | V19: =IF(C19=3,0,IF(L19=1,0,D19-U19)) -> 0 | W19: =V19*1% -> 0
A20: 7 | E20: =IF(C20=3,0,IF(D20>0,введение!C$11,0)) -> 0 | G20: =IF(C20=3,D20-F20,D20-F20-E20-M20) -> 0 | H20: =ROUND((IF(C20=1,G20*10%,0)),0) -> 0 | I20: =ROUND((IF(C20=1,0,G20*10%)),0) -> 0 | K20: =IF(C20=3,0,IF(L20=1,0,D20-J20)) -> 0 | M20: =K20*10% -> 0 | O20: =IF(C20=3,0,IF(L20=1,0,D20-M20-N20)) -> 0 | P20: =IF(OR(O20<=0,),0,MIN(MAX(введение!$C$11,O20),введение!$C$14)) -> 0 | Q20: =ROUND(P20*5%,0) -> 0 | S20: =ROUND(R20*0.05,0) -> 0 | T20: =IF(D20=0,0,1) -> 0 | V20: =IF(C20=3,0,IF(L20=1,0,D20-U20)) -> 0 | W20: =V20*1% -> 0
A21: 8 | E21: =IF(C21=3,0,IF(D21>0,введение!C$11,0)) -> 0 | G21: =IF(C21=3,D21-F21,D21-F21-E21-M21) -> 0 | H21: =ROUND((IF(C21=1,G21*10%,0)),0) -> 0 | I21: =ROUND((IF(C21=1,0,G21*10%)),0) -> 0 | K21: =IF(C21=3,0,IF(L21=1,0,D21-J21)) -> 0 | M21: =K21*10% -> 0 | O21: =IF(C21=3,0,IF(L21=1,0,D21-M21-N21)) -> 0 | P21: =IF(OR(O21<=0,),0,MIN(MAX(введение!$C$11,O21),введение!$C$14)) -> 0 | Q21: =ROUND(P21*5%,0) -> 0 | S21: =ROUND(R21*0.05,0) -> 0 | T21: =IF(D21=0,0,1) -> 0 | V21: =IF(C21=3,0,IF(L21=1,0,D21-U21)) -> 0 | W21: =V21*1% -> 0
A22: 9 | E22: =IF(C22=3,0,IF(D22>0,введение!C$11,0)) -> 0 | G22: =IF(C22=3,D22-F22,D22-F22-E22-M22) -> 0 | H22: =ROUND((IF(C22=1,G22*10%,0)),0) -> 0 | I22: =ROUND((IF(C22=1,0,G22*10%)),0) -> 0 | K22: =IF(C22=3,0,IF(L22=1,0,D22-J22)) -> 0 | M22: =K22*10% -> 0 | O22: =IF(C22=3,0,IF(L22=1,0,D22-M22-N22)) -> 0 | P22: =IF(OR(O22<=0,),0,MIN(MAX(введение!$C$11,O22),введение!$C$14)) -> 0 | Q22: =ROUND(P22*5%,0) -> 0 | S22: =ROUND(R22*0.05,0) -> 0 | T22: =IF(D22=0,0,1) -> 0 | V22: =IF(C22=3,0,IF(L22=1,0,D22-U22)) -> 0 | W22: =V22*1% -> 0
A23: 10 | E23: =IF(C23=3,0,IF(D23>0,введение!C$11,0)) -> 0 | G23: =IF(C23=3,D23-F23,D23-F23-E23-M23) -> 0 | H23: =ROUND((IF(C23=1,G23*10%,0)),0) -> 0 | I23: =ROUND((IF(C23=1,0,G23*10%)),0) -> 0 | K23: =IF(C23=3,0,IF(L23=1,0,D23-J23)) -> 0 | M23: =K23*10% -> 0 | O23: =IF(C23=3,0,IF(L23=1,0,D23-M23-N23)) -> 0 | P23: =IF(OR(O23<=0,),0,MIN(MAX(введение!$C$11,O23),введение!$C$14)) -> 0 | Q23: =ROUND(P23*5%,0) -> 0 | S23: =ROUND(R23*0.05,0) -> 0 | T23: =IF(D23=0,0,1) -> 0 | V23: =IF(C23=3,0,IF(L23=1,0,D23-U23)) -> 0 | W23: =V23*1% -> 0
A24: 11 | E24: =IF(C24=3,0,IF(D24>0,введение!C$11,0)) -> 0 | G24: =IF(C24=3,D24-F24,D24-F24-E24-M24) -> 0 | H24: =ROUND((IF(C24=1,G24*10%,0)),0) -> 0 | I24: =ROUND((IF(C24=1,0,G24*10%)),0) -> 0 | K24: =IF(C24=3,0,IF(L24=1,0,D24-J24)) -> 0 | M24: =K24*10% -> 0 | O24: =IF(C24=3,0,IF(L24=1,0,D24-M24-N24)) -> 0 | P24: =IF(OR(O24<=0,),0,MIN(MAX(введение!$C$11,O24),введение!$C$14)) -> 0 | Q24: =ROUND(P24*5%,0) -> 0 | S24: =ROUND(R24*0.05,0) -> 0 | T24: =IF(D24=0,0,1) -> 0 | V24: =IF(C24=3,0,IF(L24=1,0,D24-U24)) -> 0 | W24: =V24*1% -> 0
A25: 12 | E25: =IF(C25=3,0,IF(D25>0,введение!C$11,0)) -> 0 | G25: =IF(C25=3,D25-F25,D25-F25-E25-M25) -> 0 | H25: =ROUND((IF(C25=1,G25*10%,0)),0) -> 0 | I25: =ROUND((IF(C25=1,0,G25*10%)),0) -> 0 | K25: =IF(C25=3,0,IF(L25=1,0,D25-J25)) -> 0 | M25: =K25*10% -> 0 | O25: =IF(C25=3,0,IF(L25=1,0,D25-M25-N25)) -> 0 | P25: =IF(OR(O25<=0,),0,MIN(MAX(введение!$C$11,O25),введение!$C$14)) -> 0 | Q25: =ROUND(P25*5%,0) -> 0 | S25: =ROUND(R25*0.05,0) -> 0 | T25: =IF(D25=0,0,1) -> 0 | V25: =IF(C25=3,0,IF(L25=1,0,D25-U25)) -> 0 | W25: =V25*1% -> 0
A26: Итого: | D26: =SUM(D14:D25) -> 0 | E26: =SUM(E14:E25) -> 0 | F26: =SUM(F14:F25) -> 0 | G26: =SUM(G14:G25) -> 0 | H26: =SUM(H14:H25) -> 0 | I26: =SUM(I14:I25) -> 0 | J26: =SUM(J14:J25) -> 0 | K26: =SUM(K14:K25) -> 0 | ... W26: =SUM(W14:W25) -> 0 | X26: =IF(D26>0,D26/T26,0) -> 0
A28: (Ф.И.О., подпись руководителя (налогоплательщика), печать)
A31: (Ф.И.О., подпись главного бухгалтера )
A34: (Ф.И.О., подпись лица, ответственного за составление налогового регистра)
A37: (Дата составления налогового регистра)

Sheet №4 Дивиденды
E2: Форма 910.00
A4: Наименование налогоплательщика
A6: 1 | B6: РНН
A7: 2 | B7: ИИН (БИН) | E7: ='№ 910 Декларация '!D8 -> 0
A8: 3 | B8: Налоговый период: полугодие | F8: ='№ 910 Декларация '!K12 -> 2 | G8: ='№ 910 Декларация '!N12 -> 2017 | H8: Год
A10: Налоговый регистр: "Начисленные доходы физических лиц для целей налогообложения"
A13: № п/п | B13: Ф.И.О. физического лица | C13: Признак резиденства: гражданин РК - 1; иностранный гражданин резидент - 2; иностранный гражданин нерезидент - 3 | D13: Номер месяца выплаты дохода | E13: начисленный доход (дивиденды, вознаграждения, выигрыши) | F13: Доходы, не облагаемые ИПН | G13: Доходы, облагаемые ИПН | H13: Ставка обложения (дивиденды резиденту - 5%; нерезиденту -15% ) | I13: Индивидуальный подоходный налог с доходов граждан РК | J13: Индивидуальный подоходный налог с доходов иностранцев и лиц без гражданства | K13: Номер месяца в полугодии выплаты дохода | L13: Индивидуальный подоходный налог с доходов граждан РК | M13: Индивидуальный подоходный налог с доходов иностранцев и лиц без гражданства | N13: Индивидуальный подоходный налог с доходов граждан РК | O13: Индивидуальный подоходный налог с доходов иностранцев и лиц без гражданства | P13: Индивидуальный подоходный налог с доходов граждан РК | Q13: Индивидуальный подоходный налог с доходов иностранцев и лиц без гражданства | R13: Индивидуальный подоходный налог с доходов граждан РК | S13: Индивидуальный подоходный налог с доходов иностранцев и лиц без гражданства | T13: Индивидуальный подоходный налог с доходов граждан РК | U13: Индивидуальный подоходный налог с доходов иностранцев и лиц без гражданства | V13: Индивидуальный подоходный налог с доходов граждан РК | W13: Индивидуальный подоходный налог с доходов иностранцев и лиц без гражданства
L14: =IF('№ 910 Декларация '!K12=1,"январь","июль") -> июль | N14: =IF('№ 910 Декларация '!K12=1,"февраль","август") -> август | P14: =IF('№ 910 Декларация '!K12=1,"март","сентябрь") -> сентябрь | R14: =IF('№ 910 Декларация '!K12=1,"апрель","октябрь") -> октябрь | T14: =IF('№ 910 Декларация '!K12=1,"май","ноябрь") -> ноябрь | V14: =IF('№ 910 Декларация '!K12=1,"июнь","декабрь") -> декабрь
A15: 1 | G15: =E15-F15 -> 0 | H15: =IF(E15<=0,0,IF(C15=3,15%,5%)) -> 0 | I15: =IF(C15=1,G15*H15,0) -> 0 | J15: =IF(C15=1,0,G15*H15) -> 0 | K15: =IF(E15<=0,"",IF(D15<=0,"УКАЖИТЕ НОМЕР МЕСЯЦА ",IF('№ 910 Декларация '!K$12=1,IF(D15>6,"ИСПРАВЬТЕ МЕСЯЦ",D15),IF(D15<7,"ИСПРАВЬТЕ МЕСЯЦ",IF(D15>12,"ИСПРАВЬТЕ МЕСЯЦ",D15-6))))) | L15: =IF($K15=1,$I15,0) -> 0 | M15: =IF($K15=1,$J15,0) -> 0 | N15: =IF($K15=2,$I15,0) -> 0 | O15: =IF($K15=2,$J15,0) -> 0 | P15: =IF($K15=3,$I15,0) -> 0 | Q15: =IF($K15=3,$J15,0) -> 0 | R15: =IF($K15=4,$I15,0) -> 0 | S15: =IF($K15=4,$J15,0) -> 0 | T15: =IF($K15=5,$I15,0) -> 0 | U15: =IF($K15=5,$J15,0) -> 0 | V15: =IF($K15=6,$I15,0) -> 0 | W15: =IF($K15=6,$J15,0) -> 0
A16: 2 | G16: =E16-F16 -> 0 | H16: =IF(E16<=0,0,IF(C16=3,15%,5%)) -> 0 | I16: =IF(C16=1,G16*H16,0) -> 0 | J16: =IF(C16=1,0,G16*H16) -> 0 | K16: =IF(E16<=0,"",IF(D16<=0,"УКАЖИТЕ НОМЕР МЕСЯЦА ",IF('№ 910 Декларация '!K$12=1,IF(D16>6,"ИСПРАВЬТЕ МЕСЯЦ",D16),IF(D16<7,"ИСПРАВЬТЕ МЕСЯЦ",IF(D16>12,"ИСПРАВЬТЕ МЕСЯЦ",D16-6))))) | L16: =IF($K16=1,$I16,0) -> 0 | M16: =IF($K16=1,$J16,0) -> 0 | N16: =IF($K16=2,$I16,0) -> 0 | O16: =IF($K16=2,$J16,0) -> 0 | P16: =IF($K16=3,$I16,0) -> 0 | Q16: =IF($K16=3,$J16,0) -> 0 | R16: =IF($K16=4,$I16,0) -> 0 | S16: =IF($K16=4,$J16,0) -> 0 | T16: =IF($K16=5,$I16,0) -> 0 | U16: =IF($K16=5,$J16,0) -> 0 | V16: =IF($K16=6,$I16,0) -> 0 | W16: =IF($K16=6,$J16,0) -> 0
A17: 3 | G17: =E17-F17 -> 0 | H17: =IF(E17<=0,0,IF(C17=3,15%,5%)) -> 0 | I17: =IF(C17=1,G17*H17,0) -> 0 | J17: =IF(C17=1,0,G17*H17) -> 0 | K17: =IF(E17<=0,"",IF(D17<=0,"УКАЖИТЕ НОМЕР МЕСЯЦА ",IF('№ 910 Декларация '!K$12=1,IF(D17>6,"ИСПРАВЬТЕ МЕСЯЦ",D17),IF(D17<7,"ИСПРАВЬТЕ МЕСЯЦ",IF(D17>12,"ИСПРАВЬТЕ МЕСЯЦ",D17-6))))) | L17: =IF($K17=1,$I17,0) -> 0 | M17: =IF($K17=1,$J17,0) -> 0 | N17: =IF($K17=2,$I17,0) -> 0 | O17: =IF($K17=2,$J17,0) -> 0 | P17: =IF($K17=3,$I17,0) -> 0 | Q17: =IF($K17=3,$J17,0) -> 0 | R17: =IF($K17=4,$I17,0) -> 0 | S17: =IF($K17=4,$J17,0) -> 0 | T17: =IF($K17=5,$I17,0) -> 0 | U17: =IF($K17=5,$J17,0) -> 0 | V17: =IF($K17=6,$I17,0) -> 0 | W17: =IF($K17=6,$J17,0) -> 0
A18: 4 | G18: =E18-F18 -> 0 | H18: =IF(E18<=0,0,IF(C18=3,15%,5%)) -> 0 | I18: =IF(C18=1,G18*H18,0) -> 0 | J18: =IF(C18=1,0,G18*H18) -> 0 | K18: =IF(E18<=0,"",IF(D18<=0,"УКАЖИТЕ НОМЕР МЕСЯЦА ",IF('№ 910 Декларация '!K$12=1,IF(D18>6,"ИСПРАВЬТЕ МЕСЯЦ",D18),IF(D18<7,"ИСПРАВЬТЕ МЕСЯЦ",IF(D18>12,"ИСПРАВЬТЕ МЕСЯЦ",D18-6))))) | L18: =IF($K18=1,$I18,0) -> 0 | M18: =IF($K18=1,$J18,0) -> 0 | N18: =IF($K18=2,$I18,0) -> 0 | O18: =IF($K18=2,$J18,0) -> 0 | P18: =IF($K18=3,$I18,0) -> 0 | Q18: =IF($K18=3,$J18,0) -> 0 | R18: =IF($K18=4,$I18,0) -> 0 | S18: =IF($K18=4,$J18,0) -> 0 | T18: =IF($K18=5,$I18,0) -> 0 | U18: =IF($K18=5,$J18,0) -> 0 | V18: =IF($K18=6,$I18,0) -> 0 | W18: =IF($K18=6,$J18,0) -> 0
A19: 5 | G19: =E19-F19 -> 0 | H19: =IF(E19<=0,0,IF(C19=3,15%,5%)) -> 0 | I19: =IF(C19=1,G19*H19,0) -> 0 | J19: =IF(C19=1,0,G19*H19) -> 0 | K19: =IF(E19<=0,"",IF(D19<=0,"УКАЖИТЕ НОМЕР МЕСЯЦА ",IF('№ 910 Декларация '!K16=1,IF(D19>6,"ИСПРАВЬТЕ МЕСЯЦ",D19),IF(D19<7,"ИСПРАВЬТЕ МЕСЯЦ",IF(D19>12,"ИСПРАВЬТЕ МЕСЯЦ",D19-6))))) | L19: =IF($K19=1,$I19,0) -> 0 | M19: =IF($K19=1,$J19,0) -> 0 | N19: =IF($K19=2,$I19,0) -> 0 | O19: =IF($K19=2,$J19,0) -> 0 | P19: =IF($K19=3,$I19,0) -> 0 | Q19: =IF($K19=3,$J19,0) -> 0 | R19: =IF($K19=4,$I19,0) -> 0 | S19: =IF($K19=4,$J19,0) -> 0 | T19: =IF($K19=5,$I19,0) -> 0 | U19: =IF($K19=5,$J19,0) -> 0 | V19: =IF($K19=6,$I19,0) -> 0 | W19: =IF($K19=6,$J19,0) -> 0
A20: 6 | G20: =E20-F20 -> 0 | H20: =IF(E20<=0,0,IF(C20=3,15%,5%)) -> 0 | I20: =IF(C20=1,G20*H20,0) -> 0 | J20: =IF(C20=1,0,G20*H20) -> 0 | K20: =IF(E20<=0,"",IF(D20<=0,"УКАЖИТЕ НОМЕР МЕСЯЦА ",IF('№ 910 Декларация '!K17=1,IF(D20>6,"ИСПРАВЬТЕ МЕСЯЦ",D20),IF(D20<7,"ИСПРАВЬТЕ МЕСЯЦ",IF(D20>12,"ИСПРАВЬТЕ МЕСЯЦ",D20-6))))) | L20: =IF($K20=1,$I20,0) -> 0 | M20: =IF($K20=1,$J20,0) -> 0 | N20: =IF($K20=2,$I20,0) -> 0 | O20: =IF($K20=2,$J20,0) -> 0 | P20: =IF($K20=3,$I20,0) -> 0 | Q20: =IF($K20=3,$J20,0) -> 0 | R20: =IF($K20=4,$I20,0) -> 0 | S20: =IF($K20=4,$J20,0) -> 0 | T20: =IF($K20=5,$I20,0) -> 0 | U20: =IF($K20=5,$J20,0) -> 0 | V20: =IF($K20=6,$I20,0) -> 0 | W20: =IF($K20=6,$J20,0) -> 0
A21: 7 | G21: =E21-F21 -> 0 | H21: =IF(E21<=0,0,IF(C21=3,15%,5%)) -> 0 | I21: =IF(C21=1,G21*H21,0) -> 0 | J21: =IF(C21=1,0,G21*H21) -> 0 | K21: =IF(E21<=0,"",IF(D21<=0,"УКАЖИТЕ НОМЕР МЕСЯЦА ",IF('№ 910 Декларация '!K18=1,IF(D21>6,"ИСПРАВЬТЕ МЕСЯЦ",D21),IF(D21<7,"ИСПРАВЬТЕ МЕСЯЦ",IF(D21>12,"ИСПРАВЬТЕ МЕСЯЦ",D21-6))))) | L21: =IF($K21=1,$I21,0) -> 0 | M21: =IF($K21=1,$J21,0) -> 0 | N21: =IF($K21=2,$I21,0) -> 0 | O21: =IF($K21=2,$J21,0) -> 0 | P21: =IF($K21=3,$I21,0) -> 0 | Q21: =IF($K21=3,$J21,0) -> 0 | R21: =IF($K21=4,$I21,0) -> 0 | S21: =IF($K21=4,$J21,0) -> 0 | T21: =IF($K21=5,$I21,0) -> 0 | U21: =IF($K21=5,$J21,0) -> 0 | V21: =IF($K21=6,$I21,0) -> 0 | W21: =IF($K21=6,$J21,0) -> 0
A22: 8 | G22: =E22-F22 -> 0 | H22: =IF(E22<=0,0,IF(C22=3,15%,5%)) -> 0 | I22: =IF(C22=1,G22*H22,0) -> 0 | J22: =IF(C22=1,0,G22*H22) -> 0 | K22: =IF(E22<=0,"",IF(D22<=0,"УКАЖИТЕ НОМЕР МЕСЯЦА ",IF('№ 910 Декларация '!K19=1,IF(D22>6,"ИСПРАВЬТЕ МЕСЯЦ",D22),IF(D22<7,"ИСПРАВЬТЕ МЕСЯЦ",IF(D22>12,"ИСПРАВЬТЕ МЕСЯЦ",D22-6))))) | L22: =IF($K22=1,$I22,0) -> 0 | M22: =IF($K22=1,$J22,0) -> 0 | N22: =IF($K22=2,$I22,0) -> 0 | O22: =IF($K22=2,$J22,0) -> 0 | P22: =IF($K22=3,$I22,0) -> 0 | Q22: =IF($K22=3,$J22,0) -> 0 | R22: =IF($K22=4,$I22,0) -> 0 | S22: =IF($K22=4,$J22,0) -> 0 | T22: =IF($K22=5,$I22,0) -> 0 | U22: =IF($K22=5,$J22,0) -> 0 | V22: =IF($K22=6,$I22,0) -> 0 | W22: =IF($K22=6,$J22,0) -> 0
A23: 9 | G23: =E23-F23 -> 0 | H23: =IF(E23<=0,0,IF(C23=3,15%,5%)) -> 0 | I23: =IF(C23=1,G23*H23,0) -> 0 | J23: =IF(C23=1,0,G23*H23) -> 0 | K23: =IF(E23<=0,"",IF(D23<=0,"УКАЖИТЕ НОМЕР МЕСЯЦА ",IF('№ 910 Декларация '!K20=1,IF(D23>6,"ИСПРАВЬТЕ МЕСЯЦ",D23),IF(D23<7,"ИСПРАВЬТЕ МЕСЯЦ",IF(D23>12,"ИСПРАВЬТЕ МЕСЯЦ",D23-6))))) | L23: =IF($K23=1,$I23,0) -> 0 | M23: =IF($K23=1,$J23,0) -> 0 | N23: =IF($K23=2,$I23,0) -> 0 | O23: =IF($K23=2,$J23,0) -> 0 | P23: =IF($K23=3,$I23,0) -> 0 | Q23: =IF($K23=3,$J23,0) -> 0 | R23: =IF($K23=4,$I23,0) -> 0 | S23: =IF($K23=4,$J23,0) -> 0 | T23: =IF($K23=5,$I23,0) -> 0 | U23: =IF($K23=5,$J23,0) -> 0 | V23: =IF($K23=6,$I23,0) -> 0 | W23: =IF($K23=6,$J23,0) -> 0
A24: 10 | G24: =E24-F24 -> 0 | H24: =IF(E24<=0,0,IF(C24=3,15%,5%)) -> 0 | I24: =IF(C24=1,G24*H24,0) -> 0 | J24: =IF(C24=1,0,G24*H24) -> 0 | K24: =IF(E24<=0,"",IF(D24<=0,"УКАЖИТЕ НОМЕР МЕСЯЦА ",IF('№ 910 Декларация '!K21=1,IF(D24>6,"ИСПРАВЬТЕ МЕСЯЦ",D24),IF(D24<7,"ИСПРАВЬТЕ МЕСЯЦ",IF(D24>12,"ИСПРАВЬТЕ МЕСЯЦ",D24-6))))) | L24: =IF($K24=1,$I24,0) -> 0 | M24: =IF($K24=1,$J24,0) -> 0 | N24: =IF($K24=2,$I24,0) -> 0 | O24: =IF($K24=2,$J24,0) -> 0 | P24: =IF($K24=3,$I24,0) -> 0 | Q24: =IF($K24=3,$J24,0) -> 0 | R24: =IF($K24=4,$I24,0) -> 0 | S24: =IF($K24=4,$J24,0) -> 0 | T24: =IF($K24=5,$I24,0) -> 0 | U24: =IF($K24=5,$J24,0) -> 0 | V24: =IF($K24=6,$I24,0) -> 0 | W24: =IF($K24=6,$J24,0) -> 0
A25: 11 | G25: =E25-F25 -> 0 | H25: =IF(E25<=0,0,IF(C25=3,15%,5%)) -> 0 | I25: =IF(C25=1,G25*H25,0) -> 0 | J25: =IF(C25=1,0,G25*H25) -> 0 | K25: =IF(E25<=0,"",IF(D25<=0,"УКАЖИТЕ НОМЕР МЕСЯЦА ",IF('№ 910 Декларация '!K22=1,IF(D25>6,"ИСПРАВЬТЕ МЕСЯЦ",D25),IF(D25<7,"ИСПРАВЬТЕ МЕСЯЦ",IF(D25>12,"ИСПРАВЬТЕ МЕСЯЦ",D25-6))))) | L25: =IF($K25=1,$I25,0) -> 0 | M25: =IF($K25=1,$J25,0) -> 0 | N25: =IF($K25=2,$I25,0) -> 0 | O25: =IF($K25=2,$J25,0) -> 0 | P25: =IF($K25=3,$I25,0) -> 0 | Q25: =IF($K25=3,$J25,0) -> 0 | R25: =IF($K25=4,$I25,0) -> 0 | S25: =IF($K25=4,$J25,0) -> 0 | T25: =IF($K25=5,$I25,0) -> 0 | U25: =IF($K25=5,$J25,0) -> 0 | V25: =IF($K25=6,$I25,0) -> 0 | W25: =IF($K25=6,$J25,0) -> 0
A26: 12 | G26: =E26-F26 -> 0 | H26: =IF(E26<=0,0,IF(C26=3,15%,5%)) -> 0 | I26: =IF(C26=1,G26*H26,0) -> 0 | J26: =IF(C26=1,0,G26*H26) -> 0 | K26: =IF(E26<=0,"",IF(D26<=0,"УКАЖИТЕ НОМЕР МЕСЯЦА ",IF('№ 910 Декларация '!K23=1,IF(D26>6,"ИСПРАВЬТЕ МЕСЯЦ",D26),IF(D26<7,"ИСПРАВЬТЕ МЕСЯЦ",IF(D26>12,"ИСПРАВЬТЕ МЕСЯЦ",D26-6))))) | L26: =IF($K26=1,$I26,0) -> 0 | M26: =IF($K26=1,$J26,0) -> 0 | N26: =IF($K26=2,$I26,0) -> 0 | O26: =IF($K26=2,$J26,0) -> 0 | P26: =IF($K26=3,$I26,0) -> 0 | Q26: =IF($K26=3,$J26,0) -> 0 | R26: =IF($K26=4,$I26,0) -> 0 | S26: =IF($K26=4,$J26,0) -> 0 | T26: =IF($K26=5,$I26,0) -> 0 | U26: =IF($K26=5,$J26,0) -> 0 | V26: =IF($K26=6,$I26,0) -> 0 | W26: =IF($K26=6,$J26,0) -> 0
A27: Итого: | E27: =SUM(E15:E26) -> 0 | F27: =SUM(F15:F26) -> 0 | G27: =SUM(G15:G26) -> 0 | I27: =SUM(I15:I26) -> 0 | J27: =SUM(J15:J26) -> 0 | L27: =SUM(L15:L26) -> 0 | M27: =SUM(M15:M26) -> 0 | N27: =SUM(N15:N26) -> 0 | O27: =SUM(O15:O26) -> 0 | P27: =SUM(P15:P26) -> 0 | Q27: =SUM(Q15:Q26) -> 0 | R27: =SUM(R15:R26) -> 0 | S27: =SUM(S15:S26) -> 0 | ... W27: =SUM(W15:W26) -> 0
A29: (Ф.И.О., подпись руководителя (налогоплательщика), печать)
A32: (Ф.И.О., подпись главного бухгалтера )
A35: (Ф.И.О., подпись лица, ответственного за составление налогового регистра)
A38: (Дата составления налогового регистра)

Sheet № 3 Договора ГПХ
